 Dungeon Crawl Stone Soup version 0.31-a0-700-gf13585253f (webtiles) character file.

Game seed: 16807701792615123095

432081 qw the Slayer (level 23, -38/170 HPs)
             Began as a Gargoyle Hunter on Sept 7, 2023.
             Was an Elder of Okawaru.
             Blown up by a lich (82 damage)
             ... with an orb of destruction
             ... on level 5 of the Vaults.
             The game lasted 00:30:52 (46697 turns).

qw the Slayer (Gargoyle Hunter)                    Turns: 46697, Time: 00:30:53

Health: -38/170    AC: 38    Str: 19    XL:     23   Next: 93%
Magic:  29/30      EV: 43    Int:  6    God:    Okawaru [****..]
Gold:   3969       SH:  0    Dex: 33    Spells: 22/22 levels left

rFire   + . .        f - +2 triple crossbow (heavy)
rCold   + . .        (shield currently unavailable)
rNeg    + . .        x - +2 leather armour {rC+}
rPois   inf          o - +2 helmet
rElec   +            y - +0 cloak of Ghostly Joy {rF+ Dex+6}
rCorr   .            C - +2 pair of gloves of the Manifold Priests {rElec Str+4 Int-4}
SInv    +            t - +2 pair of boots
Will    ++...        v - amulet of faith
Stlth   ++++         m - +6 ring of dexterity
HPRegen 0.48/turn    w - ring "Pidi" {rPois Will+ Int-3 Slay+4}
MPRegen 0.22/turn

%: faith
@: heroic, flying
A: sickness immunity, AC +17, big wings, negative energy resistance 1,
electricity resistance, torment resistance 1, petrification resistance, see
invisible, evolution 1
}: 2/15 runes: decaying, serpentine
a: Renounce Religion, Heroism, Finesse


You were on level 5 of the Vaults.
You worshipped Okawaru.
Okawaru was greatly pleased with you.
You visited 8 branches of the dungeon, and saw 40 of its levels.
You visited the Abyss 1 time.

You collected 7018 gold pieces.
You spent 3049 gold pieces at shops.


Innate Abilities, Weirdness & Mutations

You are immune to sickness and miasma.
Your stone body is resilient. (AC +17)
You are immune to poison.
Your large and strong wings let you fly.
You resist negative energy. (rN+)
You are resistant to electric shocks. (rElec)
You are resistant to unholy torment.
You are immune to petrification.
You have supernaturally acute eyesight. (SInv)
You have hidden genetic potential.


   Skills:
 + Level 25.4(27) Fighting
 - Level 22.0(27) Ranged Weapons
 - Level 14.0(19.0) Armour
 - Level 20.0(25.0) Dodging
 - Level 1.1(6.1) Stealth
 - Level 10.1 Invocations


You had 22 spell levels left.
You didn't know any spells.
Your spell library was empty.

Inventory:

Hand Weapons
 f - a +2 heavy triple crossbow (weapon)
Armour
 a - a +0 troll leather armour
 o - a +2 helmet (worn)
 s - the +2 cloak of the Kettle-Drum {Rampage Dex+5}
   (Okawaru gifted it to you on level 12 of the Dungeon)

   Dex+5:     It affects your dexterity (+5).
   Rampage:   It bestows one free step when moving towards enemies.
 t - a +2 pair of boots (worn)
 x - a +2 leather armour of cold resistance (worn)
 y - the +0 cloak of Ghostly Joy (worn) {rF+ Dex+6}
   (Okawaru gifted it to you on level 2 of the Orcish Mines)

   Dex+6:     It affects your dexterity (+6).
   rF+:       It protects you from fire.
 C - the +2 pair of gloves of the Manifold Priests (worn) {rElec Str+4 Int-4}
   (You found it on level 4 of the Depths)

   Str+4:     It affects your strength (+4).
   Int-4:     It affects your intelligence (-4).
   rElec:     It insulates you from electricity.
 D - a +2 ring mail of fire resistance
Jewellery
 b - a ring of fire
 m - a +6 ring of dexterity (left hand)
 v - an amulet of faith (around neck)
 w - the ring "Pidi" (right hand) {rPois Will+ Int-3 Slay+4}
   (You found it on level 2 of the Depths)

   [ring of slaying]

   Int-3:     It affects your intelligence (-3).
   Slay+4:    It affects your accuracy & damage with ranged weapons and melee
   (+4).
   rPois:     It protects you from poison Will+: It increases your willpower.
 A - an amulet of reflection
 Y - a +5 ring of evasion
Wands
 p - a wand of digging (9)
Scrolls
 i - 2 scrolls of brand weapon
 k - 21 scrolls of identify
 u - a scroll of teleportation
 z - 3 scrolls of enchant armour
Potions
 d - 12 potions of curing
 e - 2 potions of might
 g - 2 potions of haste
 h - 3 potions of cancellation
 j - a potion of mutation
 n - 2 potions of magic
 r - 4 potions of enlightenment

Dungeon Overview and Level Annotations

Branches:
Dungeon (15/15)            Temple (1/1) D:6            Lair (5/5) D:11
  Swamp (4/4) Lair:3        Snake (4/4) Lair:3        Slime (0/5) Lair:5
    Orc (2/2) D:9             Elf (0/3) Orc:2        Vaults (5/5) D:13
  Crypt (0/3) Vaults:2     Depths (4/4) D:15            Zot (0/5) Depths:4

Altars:
Ashenzari
Cheibriados
Dithmenos
Elyvilon
Fedhas
Gozag
Hepliaklqana
Kikubaaqudgha
Makhleb
Nemelex Xobeh
Okawaru
Qazlal
Ru
Sif Muna
Trog
Uskayaw
Vehumet
Wu Jian
Xom
Yredelemnul
Zin
The Shining One
Jiyva
Lugonu

Shops:
D:1 *   D:3 (   D:9 ?   D:10 *   D:11 *(   D:13 (   Orc:1 *   Orc:2 [(?*
Snake:3 [   Snake:4 ::   Vaults:1 (   Vaults:4 ?([((   Depths:1 [

Portals:
Hell: Depths:1 Depths:2 Depths:3 Depths:4
Abyss: Depths:3 Depths:4
Pandemonium: Depths:2
Ziggurat: Depths:1

Annotations:
D:5 exclusion: hound
D:8 2 transporters
D:13 3 runed translucent doors, qw's ghost, journeyman GrHu
Lair:2 1 runed translucent door, qw's ghost, journeyman GrFi
Snake:4 4 transporters, qw's ghost, adept DEHu
Depths:1 1 runed translucent door, qw's ghost, adept GrHu
Depths:2 3 runed translucent doors, Imio's ghost, adept DgCj


Message History

You kill the Executioner!
The Executioner disappears in a puff of smoke!
The vault guard hits you but does no damage.
The deep elf high priest completely misses you.
The yaktaur captain hits you with a +0 dire flail!
The dread lich gestures at you while chanting.
You struggle to resist.
The vault guard hits you but does no damage.
You shoot a bolt. The bolt barely misses the dread lich.
You feel like a meek peon again.
The deep elf high priest closely misses you.
The dread lich mumbles some strange words.
The yaktaur captain hits you with a +0 dire flail!!
The vault guard completely misses you.
The deep elf high priest completely misses you.
The dread lich closely misses you.
The yaktaur captain hits you but does no damage.
46695 ||| INVOKING Heroism.
You gain the combat prowess of a mighty hero.
The vault guard hits you but does no damage.
The deep elf high priest completely misses you.
The lich launches a ball of destructive magic.
The yaktaur captain completely misses you.
The dread lich barely misses you.
An orb of destruction comes into view.
You shoot a bolt. The bolt hits the dread lich!!!!
The dread lich is almost destroyed.
The vault guard closely misses you.
The deep elf high priest calls down the wrath of its god upon you.
Something smites you!
The yaktaur captain completely misses you.
The dread lich points at you and mumbles some strange words.
You struggle to resist.
The shadow demon closely misses you. The vault guard misses you.
You shoot a bolt. The bolt hits the dread lich!!!!
You destroy the dread lich!
Okawaru accepts your kill.
The shadow demon disappears in a puff of smoke!
The orb of destruction hits you!!!!
You die...

...###p#c.....#...
.....)p......c...#
######H......c.###
......e..<<.......
........<..<......
?........<<.......
..................
######........##########
...p......Wc@.......
....#....#.peĀ¤.......
....#....#..#0.###############
# #..#0................
#..#L.............?..
#..#..#..############
#..#..#.........)....
#..#..#....))......).
#..#..#..############


You could see a lich (empowered), a yaktaur captain, a vault guard, a deep elf
high priest (brilliance aura) and a freezing wraith.

Vanquished Creatures
  A dread lich (Vaults:5)
  Mara (Swamp:4)
  A juggernaut (Depths:3)
  Josephina (Depths:4)
  Bai Suzhen (Swamp:4)
  Margery (Depths:2)
  Saint Roka (Orc:2)
  Vashnia (Snake:4)
  3 golden dragons (Depths:4)
  Nikola (Snake:3)
  A hellephant (Depths:3)
  5 tentacled monstrosities
  3 liches
  A walking earthen tome (Depths:1)
  Asterion (Snake:2)
  A sphinx (Depths:4)
  3 titans
  2 quicksilver dragons (Depths:4)
  An ancient champion (Vaults:2)
  4 thorn hunters
  2 shadow dragons (Depths:4)
  4 tengu reavers
  3 draconian monks (Depths:4)
  2 storm dragons (Vaults:5)
  3 nagarajas
  2 iron dragons
  3 fenstrider witches (Swamp:4)
  7 fire giants
  6 frost giants
  19 vault wardens
  A draconian stormcaller (Depths:4)
  A balrug (Abyss:3)
  A ghost moth (shapeshifter) (Vaults:5)
  An angel (Abyss:3)
  An orc warlord (Vaults:3)
  21 ironbound preservers
  2 reapers
  3 draconian annihilators (Depths:4)
  A war gargoyle (Vaults:5)
  2 formless jellyfish
  35 very ugly things
  5 spriggan defenders
  14 stone giants
  7 ironbound thunderhulks
  A deep elf demonologist (Vaults:5)
  9 black draconians (Depths:4)
  4 eleionomae
  4 green draconians (Depths:4)
  A vampire knight (Depths:4)
  6 red draconians (Depths:4)
  5 bunyips
  A spark wasp (Depths:4)
  5 purple draconians (Depths:4)
  3 white draconians (Depths:4)
  8 dire elephants
  A blizzard demon (Swamp:4)
  A green death (Depths:2)
  3 great orbs of eyes
  2 jiangshi (Abyss:3)
  14 yaktaur captains
  9 fire dragons
  9 ettins
  7 ice dragons
  2 rakshasas
  2 peacekeepers (Vaults:2)
  An entropy weaver (Vaults:3)
  27 vault guards
  11 hydras
  Fannar (D:10)
  5 salamander tyrants
  A spriggan skeleton (Abyss:3)
  2 shambling mangroves (Swamp:4)
  3 ghost crabs
  An anaconda (shapeshifter) (Vaults:5)
  10 ironbound frosthearts
  8 spriggan air magi
  3 catoblepae
  4 centaur warriors
  12 anacondas
  3 death yaks (Lair:5)
  An ogre mage (Swamp:4)
  7 alligators
  8 tengu warriors
  6 two-headed ogres
  2 boulder beetles
  6 deep troll shamans
  15 naga sharpshooters
  A shock serpent (shapeshifter) (D:15)
  A death yak (shapeshifter) (D:15)
  6 deep troll earth magi
  13 naga warriors
  3 thrashing horrors (Abyss:3)
  7 shock serpents
  3 spriggan berserkers
  2 vampire magi
  An orc high priest (Orc:2)
  Urug (Lair:1)
  15 spriggans
  4 sun demons
  4 hell knights (Depths:2)
  3 soul eaters
  Amaemon (Lair:2)
  A wretched star (Abyss:3)
  Nergalle (D:10)
  2 skysharks
  62 deep trolls
  2 sixfirhies (Swamp:4)
  7 iron trolls
  Lodul (D:10)
  6 goliath frogs
  2 sea snakes (Snake:2)
  9 naga ritualists
  4 skeletal warriors
  A spriggan rider (Depths:2)
  2 salamander mystics (Snake:4)
  6 swamp dragons
  A spatial maelstrom (Abyss:3)
  3 flayed ghosts
  7 spriggan druids
  3 death drakes (Depths:4)
  8 wizards
  4 glowing orange brains
  Pikel (D:7)
  3 harpies
  11 lindwurms
  A sphinx simulacrum (Depths:4)
  5 phantasmal warriors
  A necromancer (Depths:2)
  12 ironbound convokers
  33 ugly things
  A spriggan simulacrum (D:14)
  A shining eye (shapeshifter) (Vaults:4)
  3 starcursed masses (Abyss:3)
  6 orc knights
  A deep elf zephyrmancer (Swamp:4)
  5 will-o-the-wisps
  4 cyclopes
  5 deep elf pyromancers
  6 orc sorcerers
  A wolf spider (Vaults:3)
  8 mana vipers
  14 salamanders
  7 manticores
  7 elephants
  9 naga magi
  A worldbinder (Abyss:3)
  5 guardian serpents
  22 vault sentinels
  22 black mambas
  Maurice (Orc:1)
  4 orange demons
  A titan simulacrum (Depths:4)
  Joseph (D:8)
  A rust devil (Depths:2)
  A torpor snail (Lair:1)
  Jeremiah (D:8)
  2 gargoyles
  16 cane toads
  3 smoke demons
  2 unseen horrors
  2 yaktaurs (shapeshifter)
  3 freezing wraiths
  An anaconda simulacrum (D:14)
  A golden dragon simulacrum (Depths:4)
  4 kobold demonologists
  2 komodo dragons (shapeshifter)
  11 komodo dragons
  8 rime drakes
  3 tengu conjurers
  An efreet (D:13)
  38 yaktaurs
  A red devil (Depths:2)
  2 ancient zymes
  A meliai (shapeshifter) (Vaults:5)
  9 trolls
  2 bloated husks
  A wolf spider simulacrum (D:14)
  A wind drake (shapeshifter) (D:14)
  An alligator simulacrum (D:14)
  3 hellwings
  4 polar bears
  11 tyrant leeches
  16 hornets
  13 dream sheep
  A large abomination (Abyss:3)
  24 blink frogs
  8 raiju (Abyss:3)
  A shadow (D:11)
  3 vampires
  A jumping spider (Vaults:3)
  31 slime creatures
  A ynoxinul (Abyss:3)
  3 small abominations (Abyss:3)
  A flying skull (Vaults:2)
  4 wraiths
  2 water elementals (D:15)
  7 wyverns
  61 yaks
  A yak (shapeshifter) (D:13)
  8 basilisks
  3 fire elementals (Depths:3)
  2 steam dragons
  2 redbacks (Vaults:3)
  3 chaos spawn
  13 vampire mosquitoes
  2 neqoxecs
  A harpy simulacrum (D:14)
  Edmund (D:4)
  21 swamp worms
  2 hydra simulacra (Depths:3)
  5 wargs
  5 acid dragons
  46 nagas
  Duvessa (D:7)
  19 water moccasins
  38 orc warriors
  A black bear (shapeshifter) (Abyss:3)
  3 swamp drakes
  8 black bears
  20 wolves
  13 ogres
  3 centaurs
  3 phantoms
  A lemure (D:7)
  2 kobold brigands
  12 bullfrogs
  A gnoll sergeant (D:7)
  2 deep troll simulacra (D:14)
  4 scorpions
  A glowing shapeshifter simulacrum (Depths:4)
  9 wights
  A hornet simulacrum (D:15)
  Dowan (D:7)
  2 lindwurm simulacra (D:14)
  4 killer bees (D:9)
  An electric eel (Snake:2)
  5 howler monkeys
  A quasit (Abyss:3)
  3 jellies
  22 orc priests
  2 hounds (D:5)
  A sleepcap (D:3)
  7 iguanas
  24 orc wizards
  2 hell rats (Lair:2)
  9 gnolls
  6 adders
  10 river rats (Lair:2)
  3 shadow imps
  3 white imps
  An ufetubus (D:5)
  A worm (D:5)
  4 dart slugs
  107 orcs
  3 bats
  5 endoplasms
  2 giant cockroaches
  9 goblins
  4 hobgoblins
  6 jackals
  6 quokkas
  4 ball pythons
  2 frilled lizards
  16 kobolds
  7 rats
  5 spectral weapons (Snake:2)
1671 creatures vanquished.

Vanquished Creatures (others)
  A draconian monk (Depths:4)
  A juggernaut simulacrum (Depths:4)
  An ogre mage (Swamp:4)
  An ugly thing (Depths:3)
  2 bloated husks
  A tyrant leech (Swamp:2)
  2 water elementals (Depths:3)
  6 hydra simulacra (Depths:3)
  An orc wizard (Orc:1)
  8 foxfires (Swamp:2)
  A lurking horror (Abyss:3)
25 creatures vanquished.

Grand Total: 1696 creatures vanquished

Notes
Turn   | Place    | Note
-------+----------+-------------------------------------------
     0 | D:1      | qw the Gargoyle Hunter began the quest for the Orb.
     0 | D:1      | Reached XP level 1. HP: 12/12 MP: 1/1
     0 | D:1      | 0 ||| qw: Version: 0.3-a-76-g4403597
     0 | D:1      | 0 ||| qw: Game counter: 497
     0 | D:1      | 0 ||| qw: Melee chars always use a shield: true
     0 | D:1      | 0 ||| qw: God list: Okawaru
     0 | D:1      | 0 ||| qw: Allow faded altars: false
     0 | D:1      | 0 ||| qw: Do Orc after clearing Dungeon:15 true
     0 | D:1      | 0 ||| qw: Do second Lair branch before Depths: true
     0 | D:1      | 0 ||| qw: Lair rune preference: random
     0 | D:1      | 0 ||| qw: Goals: Normal
     0 | D:1      | 0 ||| PLANNING D:1-11
   129 | D:1      | Found Ruegewn's General Store.
   137 | D:1      | 137 ||| SHOPLISTING potion of curing (30 gold, have 6).
   146 | D:1      | Reached XP level 2. HP: 17/17 MP: 2/2
   618 | D:1      | 618 ||| UPGRADING to +0 cloak.
   623 | D:1      | 623 ||| UPGRADING to ring of resist corrosion.
   624 | D:1      | 624 ||| READING scroll labelled LULIUS SUMNEUC.
   625 | D:1      | 625 ||| READING scroll labelled KAZOUSM DELIP.
   626 | D:1      | 626 ||| READING 3 scrolls labelled RUIDDO FADAVICU.
   627 | D:1      | 627 ||| DROPPING scroll of butterflies.
   628 | D:1      | 628 ||| DROPPING 2 scrolls of immolation.
   664 | D:2      | 664 ||| STAIRDANCE
   670 | D:2      | 670 ||| STAIRDANCE
   678 | D:1      | Reached XP level 3. HP: 14/21 MP: 3/3
   712 | D:2      | 712 ||| STAIRDANCE
  1014 | D:2      | Reached XP level 4. HP: 26/27 MP: 4/4
  1505 | D:2      | 1505 ||| UPGRADING to +0 ring mail.
  1515 | D:2      | 1515 ||| DROPPING +0 leather armour.
  1516 | D:2      | 1516 ||| READING scroll labelled YTILOIN MAFE.
  1517 | D:2      | 1517 ||| READING 2 scrolls labelled NUGAT XIPYESOK.
  1518 | D:2      | 1518 ||| READING scroll labelled JAOTANL RENA.
  1519 | D:2      | 1519 ||| READING scroll labelled KOFANE FUSIAPIL.
  1520 | D:2      | 1520 ||| DRINKING 3 bubbling yellow potions.
  1521 | D:2      | 1521 ||| DROPPING scroll of revelation.
  1567 | D:3      | Reached skill level 1 in Armour
  1647 | D:3      | Reached skill level 3 in Fighting
  1751 | D:3      | Reached XP level 5. HP: 32/32 MP: 5/5
  1767 | D:3      | Found a shimmering blue altar of Sif Muna.
  1823 | D:3      | Found Ucwurohod's Antique Weapon Boutique.
  1829 | D:3      | 1829 ||| SHOPLISTING arbalest (135 gold, have 109).
  2030 | D:3      | 2030 ||| UPGRADING to ring of see invisible.
  2053 | D:4      | 2053 ||| Stepping ~*~*~tactically~*~*~ (outnumbered).
  2054 | D:4      | 2054 ||| STAIRDANCE
  2093 | D:4      | 2093 ||| STAIRDANCE
  2102 | D:3      | Reached skill level 6 in Ranged Weapons
  2174 | D:4      | 2174 ||| STAIRDANCE
  2209 | D:4      | 2209 ||| STAIRDANCE
  2252 | D:4      | 2252 ||| STAIRDANCE
  2273 | D:4      | 2273 ||| STAIRDANCE
  2297 | D:4      | Reached skill level 4 in Fighting
  2297 | D:4      | Reached XP level 6. HP: 38/38 MP: 6/6
  2343 | D:4      | 2343 ||| Stepping ~*~*~tactically~*~*~ (outnumbered).
  2375 | D:4      | Noticed an orc warrior
  2388 | D:4      | HP: 1/38 [orc warrior/arrow (17)]
  2389 | D:4      | 2389 ||| DRINKING 2 potions of heal wounds.
  2393 | D:4      | Killed an orc warrior
  2501 | D:4      | 2501 ||| SWAPPING to +0 orcbow.
  2502 | D:4      | 2502 ||| DROPPING +0 shortbow of freezing.
  2512 | D:4      | 2512 ||| READING scroll of enchant armour.
  2512 | D:4      | 2512 ||| ENCHANTING +0 cloak.
  2582 | D:4      | Reached XP level 7. HP: 28/43 MP: 7/7
  2899 | D:4      | Noticed Edmund
  2918 | D:4      | HP: 7/43 [Edmund/+4 flail of holy wrath (8)]
  2919 | D:4      | 2919 ||| DRINKING potion of heal wounds.
  2922 | D:4      | Killed Edmund
  3073 | D:4      | 3073 ||| UPGRADING to +0 pair of gloves.
  3078 | D:4      | 3078 ||| UPGRADING to +5 ring of evasion.
  3080 | D:4      | 3080 ||| DROPPING +6 ring of intelligence.
  3081 | D:4      | 3081 ||| READING 2 scrolls of identify.
  3081 | D:4      | 3081 ||| IDENTIFYING fuming inky potion
  3119 | D:5      | Entered Level 5 of the Dungeon
  3190 | D:5      | Reached skill level 3 in Armour
  3379 | D:5      | Reached XP level 8. HP: 48/48 MP: 8/8
  3526 | D:5      | Reached skill level 5 in Fighting
  3527 | D:5      | Found a glowing golden altar of the Shining One.
  3714 | D:5      | Found a shadowy altar of Dithmenos.
  3723 | D:5      | 3723 ||| DROPPING amulet of magic regeneration.
  3750 | D:5      | 3750 ||| UPGRADING to amulet of the acrobat.
  3755 | D:5      | 3755 ||| UPGRADING to +6 ring of dexterity.
  3757 | D:5      | 3757 ||| DROPPING ring of resist corrosion.
  3758 | D:5      | 3758 ||| UPGRADING to +5 ring of evasion.
  3760 | D:5      | 3760 ||| DROPPING ring of see invisible.
  3761 | D:5      | 3761 ||| READING 2 scrolls of identify.
  3761 | D:5      | 3761 ||| IDENTIFYING fuming puce potion
  3762 | D:5      | 3762 ||| DROPPING potion of attraction.
  3847 | D:6      | Reached skill level 9 in Ranged Weapons
  3870 | D:6      | Found a staircase to the Ecumenical Temple.
  3871 | D:6      | 3871 ||| PLANNING TEMPLE
  3904 | D:6      | 3904 ||| UPGRADING to +0 robe of cold resistance.
  3914 | D:6      | 3914 ||| DRINKING 2 murky silvery potions.
  3918 | Temple   | Entered the Ecumenical Temple
  3919 | Temple   | 3919 ||| PLANNING OKAWARU WORSHIP
  3930 | Temple   | Became a worshipper of Warmaster Okawaru
  3931 | Temple   | 3931 ||| PLANNING D:1-11
  4384 | D:6      | Reached skill level 3 in Dodging
  4601 | D:6      | Reached skill level 6 in Fighting
  4759 | D:6      | 4759 ||| READING scroll labelled PEOSEL QAYMIARPH.
  4818 | D:7      | Reached XP level 9. HP: 55/55 MP: 9/9
  4858 | D:7      | Identified the +4 flail of Huasofal {elec, *Noise rF+
                  | rCorr}
  4870 | D:7      | Identified the +7 rapier of Kototin {vamp, rCorr}
  4890 | D:7      | Reached * piety under Okawaru
  4946 | D:7      | 4946 ||| INVOKING Heroism.
  4947 | D:7      | 4947 ||| Stepping ~*~*~tactically~*~*~ (retreating).
  5059 | D:7      | Reached skill level 1 in Invocations
  5059 | D:7      | Noticed Duvessa
  5060 | D:7      | 5060 ||| INVOKING Heroism.
  5061 | D:7      | 5061 ||| INVOKING Heroism.
  5071 | D:7      | Killed Duvessa
  5075 | D:7      | Noticed Dowan
  5078 | D:7      | Killed Dowan
  5120 | D:7      | Found a sacrificial altar of Ru.
  5216 | D:7      | 5216 ||| Stepping ~*~*~tactically~*~*~ (retreating).
  5221 | D:7      | Reached skill level 3 in Invocations
  5239 | D:7      | 5239 ||| RETREATING.
  5248 | D:7      | Reached skill level 7 in Fighting
  5329 | D:7      | Noticed Pikel
  5330 | D:7      | 5330 ||| RETREATING.
  5331 | D:7      | 5331 ||| INVOKING Heroism.
  5347 | D:7      | Killed Pikel
  5378 | D:7      | 5378 ||| INVOKING Heroism.
  5662 | D:7      | Reached XP level 10. HP: 63/63 MP: 13/13
  5729 | D:7      | You fall into a shaft and drop 1 floor!
  5790 | D:8      | Found a transporter.
  5895 | D:8      | Found a stormy altar of Qazlal.
  5903 | D:8      | 5903 ||| INVOKING Heroism.
  5906 | D:8      | Reached skill level 8 in Fighting
  6011 | D:8      | Reached ** piety under Okawaru
  6022 | D:8      | Noticed Joseph
  6028 | D:8      | 6028 ||| Stepping ~*~*~tactically~*~*~ (retreating).
  6041 | D:8      | Reached skill level 12 in Ranged Weapons
  6044 | D:8      | 6044 ||| INVOKING Heroism.
  6049 | D:8      | Killed Joseph
  6167 | D:8      | 6167 ||| DROPPING +0 ring mail.
  6168 | D:8      | 6168 ||| UPGRADING to +0 robe of resistance.
  6178 | D:8      | 6178 ||| DROPPING +0 robe of cold resistance.
  6179 | D:8      | 6179 ||| UPGRADING to +0 helmet.
  6188 | D:8      | 6188 ||| UPGRADING to +2 leather armour of fire resistance.
  6198 | D:8      | 6198 ||| DROPPING +0 robe of resistance.
  6199 | D:8      | 6199 ||| UPGRADING to amulet of regeneration.
  6209 | D:8      | 6209 ||| DROPPING amulet of the acrobat.
  6210 | D:8      | 6210 ||| DROPPING +6 ring of strength.
  6211 | D:8      | 6211 ||| READING 3 scrolls of identify.
  6211 | D:8      | 6211 ||| IDENTIFYING fuming green potion
  6212 | D:8      | 6212 ||| DROPPING potion of degeneration.
  6450 | D:8      | Noticed Jeremiah
  6488 | D:8      | 6488 ||| INVOKING Heroism.
  6492 | D:8      | Killed Jeremiah
  6492 | D:8      | Reached *** piety under Okawaru
  6549 | D:8      | Found a transporter.
  6551 | D:8      | Noticed a white ugly thing
  6552 | D:8      | Noticed a green ugly thing
  6554 | D:8      | Found a corrupted altar of Lugonu.
  6708 | D:8      | 6708 ||| INVOKING Heroism.
  6710 | D:8      | 6710 ||| STAIRDANCE
  6728 | D:8      | 6728 ||| STAIRDANCE
  6735 | D:8      | 6735 ||| STAIRDANCE
  6742 | D:8      | 6742 ||| STAIRDANCE
  6756 | D:8      | 6756 ||| INVOKING Heroism.
  6757 | D:8      | 6757 ||| STAIRDANCE
  6760 | D:7      | 6760 ||| DRINKING 4 potions of curing.
  6760 | D:7      | 6760 ||| (to cure confusion)
  6774 | D:8      | 6774 ||| Stepping ~*~*~tactically~*~*~ (outnumbered).
  6775 | D:8      | 6775 ||| Stepping ~*~*~tactically~*~*~ (outnumbered).
  6776 | D:8      | 6776 ||| Stepping ~*~*~tactically~*~*~ (outnumbered).
  6781 | D:8      | 6781 ||| INVOKING Heroism.
  7075 | D:9      | 7075 ||| INVOKING Heroism.
  7109 | D:9      | 7109 ||| RETREATING.
  7111 | D:9      | 7111 ||| RETREATING.
  7120 | D:9      | 7120 ||| INVOKING Heroism.
  7125 | D:9      | Reached XP level 11. HP: 51/68 MP: 11/14
  7237 | D:9      | Noticed a cyclops
  7238 | D:9      | 7238 ||| FLEEEEING.
  7239 | D:9      | 7239 ||| FLEEEEING.
  7240 | D:9      | 7240 ||| FLEEEEING.
  7242 | D:9      | 7242 ||| INVOKING Heroism.
  7251 | D:9      | Killed a cyclops
  7252 | D:9      | Reached skill level 9 in Fighting
  7296 | D:9      | 7296 ||| INVOKING Heroism.
  7302 | D:9      | 7302 ||| Stepping ~*~*~tactically~*~*~ (outnumbered).
  7330 | D:9      | 7330 ||| INVOKING Heroism.
  7336 | D:9      | 7336 ||| Stepping ~*~*~tactically~*~*~ (retreating).
  7337 | D:9      | 7337 ||| Stepping ~*~*~tactically~*~*~ (retreating).
  7387 | D:9      | Found a staircase to the Orcish Mines.
  7599 | D:9      | Found Rakhleskeng's Magic Scroll Shop.
  7604 | D:9      | 7604 ||| BUYING scroll of enchant armour (127 gold).
  7604 | D:9      | Bought a scroll of enchant armour for 127 gold pieces
  7604 | D:9      | 7604 ||| BUYING scroll of identify (34 gold).
  7604 | D:9      | Bought a scroll of identify for 34 gold pieces
  7604 | D:9      | 7604 ||| BUYING scroll of identify (34 gold).
  7604 | D:9      | Bought a scroll of identify for 34 gold pieces
  7604 | D:9      | 7604 ||| READING scroll of enchant armour.
  7604 | D:9      | 7604 ||| ENCHANTING +0 pair of gloves.
  7693 | D:9      | 7693 ||| READING scroll labelled SOGGOH GOMPETS.
  7696 | D:10     | Entered Level 10 of the Dungeon
  7774 | D:10     | Noticed Fannar
  7778 | D:10     | 7778 ||| RETREATING.
  7790 | D:10     | 7790 ||| Stepping ~*~*~tactically~*~*~ (retreating).
  7791 | D:10     | 7791 ||| Stepping ~*~*~tactically~*~*~ (retreating).
  7792 | D:10     | 7792 ||| Stepping ~*~*~tactically~*~*~ (retreating).
  7793 | D:10     | 7793 ||| INVOKING Heroism.
  7796 | D:10     | 7796 ||| Stepping ~*~*~tactically~*~*~ (retreating).
  7797 | D:10     | 7797 ||| Stepping ~*~*~tactically~*~*~ (retreating).
  7817 | D:10     | 7817 ||| INVOKING Heroism.
  7837 | D:10     | Killed Fannar
  7905 | D:10     | Noticed a two-headed ogre
  7906 | D:10     | 7906 ||| INVOKING Heroism.
  7913 | D:10     | Killed a two-headed ogre
  7931 | D:10     | Found a flagged portal.
  8190 | D:10     | Noticed Nergalle
  8191 | D:10     | 8191 ||| INVOKING Heroism.
  8200 | D:10     | Killed Nergalle
  8246 | D:10     | Found Ujeinoq's Assorted Antiques.
  8254 | D:10     | 8254 ||| RETREATING.
  8272 | D:10     | Noticed Lodul
  8273 | D:10     | 8273 ||| RETREATING.
  8295 | D:10     | Killed Lodul
  8295 | D:10     | Reached **** piety under Okawaru
  8296 | D:10     | Reached skill level 10 in Fighting
  8319 | D:10     | 8319 ||| BUYING 3 scrolls labelled EJO FAGAIG (78 gold).
  8319 | D:10     | Bought 3 scrolls labelled EJO FAGAIG for 78 gold pieces
  8319 | D:10     | 8319 ||| BUYING arbalest (117 gold).
  8319 | D:10     | Bought an arbalest for 117 gold pieces
  8319 | D:10     | 8319 ||| BUYING scroll of identify (52 gold).
  8319 | D:10     | Bought a scroll of identify for 52 gold pieces
  8319 | D:10     | 8319 ||| BUYING shiny gold wand (104 gold).
  8319 | D:10     | Bought a shiny gold wand for 104 gold pieces
  8319 | D:10     | 8319 ||| BUYING white potion (23 gold).
  8319 | D:10     | Bought a white potion for 23 gold pieces
  8319 | D:10     | 8319 ||| SWAPPING to +0 arbalest.
  8320 | D:10     | 8320 ||| DROPPING +0 orcbow.
  8569 | D:10     | 8569 ||| READING 3 scrolls labelled EJO FAGAIG.
  8570 | D:10     | 8570 ||| READING 2 scrolls of enchant weapon.
  8570 | D:10     | 8570 ||| ENCHANTING +1 arbalest.
  8571 | D:10     | 8571 ||| READING scroll of enchant weapon.
  8571 | D:10     | 8571 ||| ENCHANTING +2 arbalest.
  8572 | D:10     | 8572 ||| READING 7 scrolls of identify.
  8572 | D:10     | 8572 ||| IDENTIFYING blue potion
  8573 | D:10     | 8573 ||| READING 6 scrolls of identify.
  8573 | D:10     | 8573 ||| IDENTIFYING fuming silvery potion
  8574 | D:10     | 8574 ||| READING 5 scrolls of identify.
  8574 | D:10     | 8574 ||| IDENTIFYING white potion
  8575 | D:10     | 8575 ||| DROPPING potion of brilliance.
  8627 | D:11     | 8627 ||| RETREATING.
  8637 | D:11     | Received a gift from Okawaru
  8652 | D:11     | Noticed a purple ugly thing
  8657 | D:11     | 8657 ||| INVOKING Heroism.
  8667 | D:11     | Killed a purple ugly thing
  8783 | D:11     | 8783 ||| INVOKING Heroism.
  8793 | D:11     | Reached skill level 6 in Dodging
  8793 | D:11     | Reached skill level 6 in Invocations
  8797 | D:11     | Found Weta's Antique Weapon Boutique.
  8804 | D:11     | 8804 ||| BUYING glowing arbalest (255 gold).
  8804 | D:11     | Bought a glowing arbalest for 255 gold pieces
  8804 | D:11     | 8804 ||| SWAPPING to +1 arbalest of freezing.
  8805 | D:11     | 8805 ||| DROPPING +3 arbalest.
  8840 | D:11     | Reached XP level 12. HP: 69/78 MP: 16/16
  8840 | D:11     | 8840 ||| FLEEEEING.
  8841 | D:11     | 8841 ||| FLEEEEING.
  8975 | D:11     | 8975 ||| RETREATING.
  9032 | D:11     | Found a staircase to the Lair.
  9080 | D:11     | Noticed a two-headed ogre
  9084 | D:11     | Killed a two-headed ogre
  9120 | D:11     | Found Lucur's Serpentskin Sales.
  9304 | D:11     | 9304 ||| PLANNING LAIR
  9304 | D:11     | 9304 ||| DROPPING +1 robe of cold resistance.
  9305 | D:11     | 9305 ||| READING scroll labelled BUBIAMO FEBIMY.
  9306 | D:11     | 9306 ||| READING scroll labelled JEOSOD HANASET.
  9307 | D:11     | 9307 ||| READING scroll labelled WIACIP ELOYSEO.
  9322 | D:11     | 9322 ||| READING 4 scrolls of identify.
  9322 | D:11     | 9322 ||| IDENTIFYING viscous puce potion
  9323 | D:11     | 9323 ||| DROPPING potion of berserk rage.
  9351 | Lair:1   | Entered Level 1 of the Lair of Beasts
  9356 | Lair:1   | 9356 ||| INVOKING Heroism.
  9358 | Lair:1   | 9358 ||| Stepping ~*~*~tactically~*~*~ (retreating).
  9400 | Lair:1   | Noticed Urug
  9401 | Lair:1   | 9401 ||| INVOKING Heroism.
  9407 | Lair:1   | Killed Urug
  9481 | Lair:1   | 9481 ||| INVOKING Heroism.
  9532 | Lair:1   | 9532 ||| INVOKING Heroism.
  9592 | Lair:1   | 9592 ||| RETREATING.
  9609 | Lair:1   | 9609 ||| INVOKING Heroism.
  9612 | Lair:1   | Reached skill level 15 in Ranged Weapons
  9627 | Lair:1   | 9627 ||| RETREATING.
  9645 | Lair:1   | 9645 ||| RETREATING.
  9663 | Lair:1   | 9663 ||| Stepping ~*~*~tactically~*~*~ (retreating).
  9664 | Lair:1   | 9664 ||| Stepping ~*~*~tactically~*~*~ (retreating).
  9685 | Lair:1   | Reached skill level 9 in Invocations
  9721 | Lair:1   | 9721 ||| RETREATING.
  9726 | Lair:1   | 9726 ||| Stepping ~*~*~tactically~*~*~ (retreating).
  9729 | Lair:1   | 9729 ||| Stepping ~*~*~tactically~*~*~ (retreating).
  9731 | Lair:1   | Reached ***** piety under Okawaru
  9795 | Lair:1   | 9795 ||| INVOKING Heroism.
  9866 | Lair:1   | 9866 ||| INVOKING Heroism.
 10006 | Lair:1   | 10006 ||| Stepping ~*~*~tactically~*~*~ (water).
 10008 | Lair:1   | 10008 ||| INVOKING Heroism.
 10116 | Lair:1   | 10116 ||| INVOKING Heroism.
 10121 | Lair:1   | Reached XP level 13. HP: 83/83 MP: 17/20
 10318 | Lair:2   | 10318 ||| INVOKING Heroism.
 10416 | Lair:2   | Noticed Amaemon
 10417 | Lair:2   | 10417 ||| INVOKING Heroism.
 10423 | Lair:2   | 10423 ||| RETREATING.
 10432 | Lair:2   | 10432 ||| RETREATING.
 10434 | Lair:2   | Killed Amaemon
 10445 | Lair:2   | 10445 ||| Stepping ~*~*~tactically~*~*~ (retreating).
 10497 | Lair:2   | 10497 ||| RETREATING.
 10499 | Lair:2   | 10499 ||| Stepping ~*~*~tactically~*~*~ (retreating).
 10500 | Lair:2   | 10500 ||| Stepping ~*~*~tactically~*~*~ (retreating).
 10505 | Lair:2   | 10505 ||| Stepping ~*~*~tactically~*~*~ (retreating).
 10506 | Lair:2   | 10506 ||| Stepping ~*~*~tactically~*~*~ (retreating).
 10509 | Lair:2   | 10509 ||| Stepping ~*~*~tactically~*~*~ (retreating).
 10614 | Lair:2   | 10614 ||| INVOKING Heroism.
 10615 | Lair:2   | 10615 ||| INVOKING Finesse.
 10623 | Lair:2   | Reached skill level 11 in Fighting
 10698 | Lair:2   | 10698 ||| INVOKING Heroism.
 10901 | Lair:2   | 10901 ||| INVOKING Heroism.
 10938 | Lair:2   | 10938 ||| INVOKING Heroism.
 11206 | Lair:2   | Found a runed translucent door.
 11206 | Lair:2   | Noticed qw's ghost (journeyman GrFi)
 11528 | Lair:3   | Found a staircase to the Snake Pit.
 11582 | Lair:3   | 11582 ||| INVOKING Heroism.
 11679 | Lair:3   | 11679 ||| RETREATING.
 11789 | Lair:3   | 11789 ||| RETREATING.
 11791 | Lair:3   | 11791 ||| Stepping ~*~*~tactically~*~*~ (retreating).
 11792 | Lair:3   | 11792 ||| Stepping ~*~*~tactically~*~*~ (retreating).
 11793 | Lair:3   | 11793 ||| Stepping ~*~*~tactically~*~*~ (retreating).
 11794 | Lair:3   | 11794 ||| Stepping ~*~*~tactically~*~*~ (retreating).
 11796 | Lair:3   | 11796 ||| Stepping ~*~*~tactically~*~*~ (retreating).
 11806 | Lair:3   | 11806 ||| INVOKING Heroism.
 11807 | Lair:3   | Received a gift from Okawaru
 11867 | Lair:3   | 11867 ||| INVOKING Heroism.
 11959 | Lair:3   | 11959 ||| INVOKING Heroism.
 12010 | Lair:3   | 12010 ||| Stepping ~*~*~tactically~*~*~ (retreating).
 12011 | Lair:3   | 12011 ||| Stepping ~*~*~tactically~*~*~ (retreating).
 12035 | Lair:3   | Found a staircase to the Swamp.
 12348 | Lair:3   | 12348 ||| READING scroll labelled ZIMOPP WINKUIL.
 12382 | Lair:4   | 12382 ||| INVOKING Heroism.
 12495 | Lair:4   | Identified the +0 mace of Coyxemuts {heavy, rF+++ Will-
                  | rCorr Int-5}
 12585 | Lair:4   | 12585 ||| Stepping ~*~*~tactically~*~*~ (retreating).
 12590 | Lair:4   | 12590 ||| Stepping ~*~*~tactically~*~*~ (retreating).
 12645 | Lair:4   | 12645 ||| INVOKING Heroism.
 12658 | Lair:4   | 12658 ||| RETREATING.
 12684 | Lair:4   | 12684 ||| INVOKING Heroism.
 12702 | Lair:4   | 12702 ||| Stepping ~*~*~tactically~*~*~ (retreating).
 12706 | Lair:4   | 12706 ||| RETREATING.
 12707 | Lair:4   | 12707 ||| Stepping ~*~*~tactically~*~*~ (retreating).
 12709 | Lair:4   | Gained mutation: Your large and strong wings let you fly.
                  | [Gargoyle growth]
 12709 | Lair:4   | Reached XP level 14. HP: 90/90 MP: 21/21
 12774 | Lair:4   | 12774 ||| Stepping ~*~*~tactically~*~*~ (retreating).
 12775 | Lair:4   | 12775 ||| Stepping ~*~*~tactically~*~*~ (retreating).
 12778 | Lair:4   | 12778 ||| Stepping ~*~*~tactically~*~*~ (retreating).
 12779 | Lair:4   | 12779 ||| Stepping ~*~*~tactically~*~*~ (retreating).
 12913 | Lair:4   | Reached skill level 18 in Ranged Weapons
 13273 | Lair:5   | Entered Level 5 of the Lair of Beasts
 13310 | Lair:5   | 13310 ||| RETREATING.
 13319 | Lair:5   | 13319 ||| Stepping ~*~*~tactically~*~*~ (retreating).
 13321 | Lair:5   | 13321 ||| Stepping ~*~*~tactically~*~*~ (retreating).
 13322 | Lair:5   | 13322 ||| Stepping ~*~*~tactically~*~*~ (retreating).
 13323 | Lair:5   | 13323 ||| Stepping ~*~*~tactically~*~*~ (retreating).
 13354 | Lair:5   | 13354 ||| FLEEEEING.
 13355 | Lair:5   | 13355 ||| FLEEEEING.
 13356 | Lair:5   | 13356 ||| FLEEEEING.
 13357 | Lair:5   | 13357 ||| STAIRDANCE
 13371 | Lair:5   | 13371 ||| STAIRDANCE
 13392 | Lair:5   | Reached skill level 12 in Fighting
 13392 | Lair:5   | 13392 ||| FLEEEEING.
 13393 | Lair:5   | 13393 ||| FLEEEEING.
 13394 | Lair:5   | 13394 ||| STAIRDANCE
 13407 | Lair:5   | 13407 ||| STAIRDANCE
 13413 | Lair:5   | 13413 ||| STAIRDANCE
 13423 | Lair:5   | 13423 ||| STAIRDANCE
 13426 | Lair:4   | 13426 ||| INVOKING Heroism.
 13488 | Lair:5   | 13488 ||| RETREATING.
 13571 | Lair:5   | 13571 ||| Stepping ~*~*~tactically~*~*~ (retreating).
 13577 | Lair:5   | 13577 ||| Stepping ~*~*~tactically~*~*~ (retreating).
 13578 | Lair:5   | 13578 ||| Stepping ~*~*~tactically~*~*~ (retreating).
 13579 | Lair:5   | 13579 ||| Stepping ~*~*~tactically~*~*~ (retreating).
 13580 | Lair:5   | 13580 ||| Stepping ~*~*~tactically~*~*~ (retreating).
 13581 | Lair:5   | 13581 ||| Stepping ~*~*~tactically~*~*~ (retreating).
 13587 | Lair:5   | Received a gift from Okawaru
 13615 | Lair:5   | 13615 ||| DROPPING +4 orcbow of flaming.
 13755 | Lair:5   | Found a staircase to the Slime Pits.
 13755 | Lair:5   | Found a viscous altar of Jiyva.
 13894 | Lair:5   | 13894 ||| INVOKING Heroism.
 13895 | Lair:5   | 13895 ||| INVOKING Finesse.
 13896 | Lair:5   | 13896 ||| RETREATING.
 13915 | Lair:5   | Reached skill level 13 in Fighting
 14170 | Lair:5   | 14170 ||| RETREATING.
 14174 | Lair:5   | 14174 ||| Stepping ~*~*~tactically~*~*~ (retreating).
 14175 | Lair:5   | 14175 ||| Stepping ~*~*~tactically~*~*~ (retreating).
 14176 | Lair:5   | 14176 ||| Stepping ~*~*~tactically~*~*~ (retreating).
 14177 | Lair:5   | 14177 ||| Stepping ~*~*~tactically~*~*~ (retreating).
 14179 | Lair:5   | 14179 ||| Stepping ~*~*~tactically~*~*~ (retreating).
 14316 | Lair:5   | 14316 ||| RETREATING.
 14317 | Lair:5   | 14317 ||| INVOKING Heroism.
 14318 | Lair:5   | 14318 ||| INVOKING Finesse.
 14402 | Lair:5   | 14402 ||| READING scroll of enchant armour.
 14402 | Lair:5   | 14402 ||| ENCHANTING +1 pair of gloves.
 14465 | Lair:5   | 14465 ||| Stepping ~*~*~tactically~*~*~ (retreating).
 14467 | Lair:5   | 14467 ||| Stepping ~*~*~tactically~*~*~ (retreating).
 14469 | Lair:5   | 14469 ||| Stepping ~*~*~tactically~*~*~ (retreating).
 14470 | Lair:5   | 14470 ||| Stepping ~*~*~tactically~*~*~ (retreating).
 14473 | Lair:5   | 14473 ||| Stepping ~*~*~tactically~*~*~ (retreating).
 14474 | Lair:5   | 14474 ||| Stepping ~*~*~tactically~*~*~ (retreating).
 14532 | Lair:5   | Noticed a dire elephant
 14533 | Lair:5   | 14533 ||| INVOKING Heroism.
 14534 | Lair:5   | 14534 ||| RETREATING.
 14540 | Lair:5   | 14540 ||| Stepping ~*~*~tactically~*~*~ (retreating).
 14541 | Lair:5   | 14541 ||| Stepping ~*~*~tactically~*~*~ (retreating).
 14543 | Lair:5   | 14543 ||| Stepping ~*~*~tactically~*~*~ (retreating).
 14545 | Lair:5   | 14545 ||| Stepping ~*~*~tactically~*~*~ (retreating).
 14546 | Lair:5   | 14546 ||| Stepping ~*~*~tactically~*~*~ (retreating).
 14547 | Lair:5   | 14547 ||| Stepping ~*~*~tactically~*~*~ (retreating).
 14552 | Lair:5   | Reached skill level 9 in Dodging
 14558 | Lair:5   | Killed a dire elephant
 14559 | Lair:5   | 14559 ||| INVOKING Heroism.
 14597 | Lair:5   | 14597 ||| INVOKING Finesse.
 14603 | Lair:5   | Reached skill level 6 in Armour
 14648 | Lair:5   | 14648 ||| RETREATING.
 14651 | Lair:5   | 14651 ||| INVOKING Heroism.
 14701 | Lair:5   | Reached XP level 15. HP: 75/99 MP: 22/22
 14703 | Lair:5   | 14703 ||| FLEEEEING.
 14704 | Lair:5   | 14704 ||| FLEEEEING.
 14705 | Lair:5   | 14705 ||| FLEEEEING.
 14706 | Lair:5   | 14706 ||| FLEEEEING.
 14755 | Lair:5   | 14755 ||| PLANNING D
 14755 | Lair:5   | 14755 ||| DROPPING +2 leather armour of willpower.
 14756 | Lair:5   | 14756 ||| READING 10 scrolls of identify.
 14756 | Lair:5   | 14756 ||| IDENTIFYING viscous grey potion
 14757 | Lair:5   | 14757 ||| READING 9 scrolls of identify.
 14757 | Lair:5   | 14757 ||| IDENTIFYING inky potion
 15094 | D:12     | Identified the +2 cloak of the Kettle-Drum {Rampage Dex+5}
                  | (Okawaru gifted it to you on level 12 of the Dungeon)
 15094 | D:12     | Received a gift from Okawaru
 15095 | D:12     | Reached skill level 14 in Fighting
 15138 | D:12     | 15138 ||| INVOKING Heroism.
 15142 | D:12     | 15142 ||| RETREATING.
 15637 | D:12     | 15637 ||| RETREATING.
 15644 | D:12     | 15644 ||| Stepping ~*~*~tactically~*~*~ (retreating).
 15645 | D:12     | 15645 ||| Stepping ~*~*~tactically~*~*~ (retreating).
 15646 | D:12     | 15646 ||| Stepping ~*~*~tactically~*~*~ (retreating).
 15654 | D:12     | 15654 ||| Stepping ~*~*~tactically~*~*~ (retreating).
 16030 | D:12     | 16030 ||| UPGRADING to +2 cloak of the Kettle-Drum {Rampage
                  | Dex+5}.
 16040 | D:12     | 16040 ||| DROPPING +1 cloak.
 16073 | D:13     | Noticed qw's ghost (journeyman GrHu)
 16073 | D:13     | Found a runed translucent gate.
 16073 | D:13     | Found a runed translucent gate.
 16073 | D:13     | Found an opulent altar of Gozag.
 16073 | D:13     | Found a runed translucent gate.
 16076 | D:13     | 16076 ||| STAIRDANCE
 16105 | D:13     | 16105 ||| DRINKING 6 potions of curing.
 16105 | D:13     | 16105 ||| (to cure confusion)
 16344 | D:13     | 16344 ||| INVOKING Heroism.
 16358 | D:13     | Found Pili's Antique Weapon Boutique.
 16403 | D:13     | Identified the +6 scale mail of Veunlacw {-Tele rElec Int+3
                  | Dex+2}
 16417 | D:13     | Found a gate to the Vaults.
 16452 | D:13     | 16452 ||| Stepping randomly (disturbance).
 16692 | D:13     | 16692 ||| READING scroll of enchant armour.
 16692 | D:13     | 16692 ||| ENCHANTING +0 helmet.
 16776 | D:13     | 16776 ||| RETREATING.
 16779 | D:13     | 16779 ||| Stepping ~*~*~tactically~*~*~ (outnumbered).
 17077 | D:13     | 17077 ||| UPGRADING to +2 pair of boots.
 17082 | D:13     | 17082 ||| UPGRADING to amulet of faith.
 17092 | D:13     | 17092 ||| READING 11 scrolls of identify.
 17092 | D:13     | 17092 ||| IDENTIFYING red potion
 17093 | D:13     | 17093 ||| READING 10 scrolls of identify.
 17093 | D:13     | 17093 ||| IDENTIFYING coppery potion
 17159 | D:14     | 17159 ||| Stepping ~*~*~tactically~*~*~ (outnumbered).
 17276 | D:14     | 17276 ||| RETREATING.
 17290 | D:14     | 17290 ||| Stepping ~*~*~tactically~*~*~ (retreating).
 17291 | D:14     | 17291 ||| Stepping ~*~*~tactically~*~*~ (retreating).
 17292 | D:14     | 17292 ||| Stepping ~*~*~tactically~*~*~ (retreating).
 18015 | D:14     | 18015 ||| DROPPING +1 leather armour of willpower.
 18016 | D:14     | 18016 ||| DRINKING 2 bubbling clear potions.
 18046 | D:14     | 18046 ||| DROPPING potion of lignification.
 18075 | D:15     | Entered Level 15 of the Dungeon
 18376 | D:15     | 18376 ||| INVOKING Heroism.
 18379 | D:15     | Reached skill level 15 in Fighting
 18573 | D:15     | 18573 ||| INVOKING Heroism.
 18585 | D:15     | Found a staircase to the Depths.
 18796 | D:15     | 18796 ||| INVOKING Heroism.
 18801 | D:15     | Reached XP level 16. HP: 108/108 MP: 21/23
 19261 | D:15     | 19261 ||| PLANNING ORC
 19444 | Orc:1    | Entered Level 1 of the Orcish Mines
 19486 | Orc:1    | 19486 ||| INVOKING Heroism.
 19531 | Orc:1    | 19531 ||| DRINKING 7 potions of curing.
 19531 | Orc:1    | 19531 ||| (to cure confusion)
 19534 | Orc:1    | 19534 ||| Stepping ~*~*~tactically~*~*~ (outnumbered).
 19535 | Orc:1    | 19535 ||| DRINKING 6 potions of curing.
 19535 | Orc:1    | 19535 ||| (to cure confusion)
 19604 | Orc:1    | Noticed Maurice
 19606 | Orc:1    | Killed Maurice
 19608 | Orc:1    | Found Ycse Daeg's Assorted Antiques.
 19614 | Orc:1    | 19614 ||| Stepping ~*~*~tactically~*~*~ (outnumbered).
 19700 | Orc:1    | 19700 ||| BUYING glowing leather armour (120 gold).
 19700 | Orc:1    | Bought a glowing leather armour for 120 gold pieces
 19700 | Orc:1    | 19700 ||| BUYING notched tourmaline ring (120 gold).
 19700 | Orc:1    | Bought a notched tourmaline ring for 120 gold pieces
 19700 | Orc:1    | 19700 ||| BUYING potion of heal wounds (120 gold).
 19700 | Orc:1    | Bought a potion of heal wounds for 120 gold pieces
 19821 | Orc:1    | 19821 ||| DROPPING ring of positive energy.
 19850 | Orc:2    | Entered Level 2 of the Orcish Mines
 19857 | Orc:2    | 19857 ||| Stepping ~*~*~tactically~*~*~ (outnumbered).
 19868 | Orc:2    | Identified the +0 cloak of Ghostly Joy {rF+ Dex+6} (Okawaru
                  | gifted it to you on level 2 of the Orcish Mines)
 19868 | Orc:2    | Received a gift from Okawaru
 19925 | Orc:2    | Found a staircase to the Elven Halls.
 19940 | Orc:2    | 19940 ||| INVOKING Heroism.
 20101 | Orc:2    | 20101 ||| INVOKING Heroism.
 20102 | Orc:2    | Noticed Saint Roka
 20103 | Orc:2    | 20103 ||| RETREATING.
 20106 | Orc:2    | Reached skill level 16 in Fighting
 20123 | Orc:2    | 20123 ||| INVOKING Finesse.
 20126 | Orc:2    | 20126 ||| Stepping ~*~*~tactically~*~*~ (outnumbered).
 20127 | Orc:2    | 20127 ||| Stepping ~*~*~tactically~*~*~ (outnumbered).
 20137 | Orc:2    | Killed Saint Roka
 20146 | Orc:2    | 20146 ||| UPGRADING to +0 cloak of Ghostly Joy {rF+ Dex+6}.
 20164 | Orc:2    | 20164 ||| INVOKING Heroism.
 20218 | Orc:2    | 20218 ||| FLEEEEING.
 20219 | Orc:2    | 20219 ||| FLEEEEING.
 20223 | Orc:2    | 20223 ||| FLEEEEING.
 20224 | Orc:2    | 20224 ||| FLEEEEING.
 20225 | Orc:2    | 20225 ||| FLEEEEING.
 20252 | Orc:2    | 20252 ||| UPGRADING to +2 cloak of the Kettle-Drum {Rampage
                  | Dex+5}.
 20257 | Orc:2    | 20257 ||| UPGRADING to +0 cloak of Ghostly Joy {rF+ Dex+6}.
 20267 | Orc:2    | 20267 ||| UPGRADING to +0 troll leather armour.
 20277 | Orc:2    | 20277 ||| UPGRADING to +2 leather armour of cold
                  | resistance.
 20314 | Orc:2    | Found Memitaedgh's Antique Armour Shop.
 20316 | Orc:2    | Found Homus's Antique Weapon Boutique.
 20323 | Orc:2    | 20323 ||| BUYING embroidered robe (96 gold).
 20323 | Orc:2    | Bought an embroidered robe for 96 gold pieces
 20323 | Orc:2    | 20323 ||| BUYING glowing cloak (195 gold).
 20323 | Orc:2    | Bought a glowing cloak for 195 gold pieces
 20323 | Orc:2    | 20323 ||| DROPPING +2 robe of fire resistance.
 20324 | Orc:2    | 20324 ||| DROPPING +2 cloak.
 20409 | Orc:2    | 20409 ||| FLEEEEING.
 20410 | Orc:2    | 20410 ||| FLEEEEING.
 20411 | Orc:2    | 20411 ||| FLEEEEING.
 20413 | Orc:2    | 20413 ||| FLEEEEING.
 20414 | Orc:2    | 20414 ||| FLEEEEING.
 20415 | Orc:2    | 20415 ||| FLEEEEING.
 20416 | Orc:2    | 20416 ||| FLEEEEING.
 20417 | Orc:2    | 20417 ||| FLEEEEING.
 20418 | Orc:2    | 20418 ||| FLEEEEING.
 20419 | Orc:2    | 20419 ||| FLEEEEING.
 20515 | Orc:2    | 20515 ||| INVOKING Heroism.
 20518 | Orc:2    | 20518 ||| Stepping ~*~*~tactically~*~*~ (retreating).
 20519 | Orc:2    | 20519 ||| Stepping ~*~*~tactically~*~*~ (retreating).
 20558 | Orc:2    | 20558 ||| Stepping ~*~*~tactically~*~*~ (outnumbered).
 20560 | Orc:2    | 20560 ||| Stepping ~*~*~tactically~*~*~ (outnumbered).
 20562 | Orc:2    | 20562 ||| Stepping ~*~*~tactically~*~*~ (outnumbered).
 20575 | Orc:2    | Found Jiduder's Magic Scroll Shoppe.
 20580 | Orc:2    | 20580 ||| BUYING 3 scrolls of teleportation (144 gold).
 20580 | Orc:2    | Bought 3 scrolls of teleportation for 144 gold pieces
 20580 | Orc:2    | 20580 ||| BUYING scroll of enchant weapon (120 gold).
 20580 | Orc:2    | Bought a scroll of enchant weapon for 120 gold pieces
 20580 | Orc:2    | 20580 ||| READING scroll of enchant weapon.
 20580 | Orc:2    | 20580 ||| ENCHANTING +1 arbalest of freezing.
 20705 | Orc:2    | Found Noss's Assorted Antiques.
 20712 | Orc:2    | 20712 ||| BUYING heavily runed leather armour (147 gold).
 20712 | Orc:2    | Bought a heavily runed leather armour for 147 gold pieces
 20712 | Orc:2    | Identified the +0 leather armour "Temmafyhi" {rN+ Str-3
                  | Int+3} (You bought it in a shop on level 2 of the Orcish
                  | Mines)
 20712 | Orc:2    | 20712 ||| BUYING scroll of teleportation (63 gold).
 20712 | Orc:2    | Bought a scroll of teleportation for 63 gold pieces
 20712 | Orc:2    | 20712 ||| DROPPING +0 leather armour "Temmafyhi" {rN+ Str-3
                  | Int+3}.
 20758 | Orc:2    | 20758 ||| PLANNING SNAKE:1-3
 20954 | Snake:1  | Entered Level 1 of the Snake Pit
 20969 | Snake:1  | 20969 ||| Stepping ~*~*~tactically~*~*~ (outnumbered).
 20970 | Snake:1  | 20970 ||| INVOKING Heroism.
 20989 | Snake:1  | 20989 ||| SWAPPING to +0 longbow.
 20990 | Snake:1  | 20990 ||| DROPPING +2 arbalest of freezing.
 21010 | Snake:1  | 21010 ||| Stepping ~*~*~tactically~*~*~ (retreating).
 21011 | Snake:1  | 21011 ||| Stepping ~*~*~tactically~*~*~ (retreating).
 21013 | Snake:1  | 21013 ||| Stepping ~*~*~tactically~*~*~ (retreating).
 21014 | Snake:1  | 21014 ||| Stepping ~*~*~tactically~*~*~ (retreating).
 21015 | Snake:1  | 21015 ||| Stepping ~*~*~tactically~*~*~ (retreating).
 21452 | Snake:1  | 21452 ||| DROPPING ring of magical power.
 21477 | Snake:2  | 21477 ||| STAIRDANCE
 21483 | Snake:2  | 21483 ||| INVOKING Heroism.
 21511 | Snake:2  | HP: 27/110 [constriction[a naga ritualist] (3)]
 21512 | Snake:2  | 21512 ||| READING 7 scrolls of teleportation.
 21513 | Snake:2  | 21513 ||| DRINKING 5 potions of heal wounds.
 21517 | Snake:2  | 21517 ||| STAIRDANCE
 21518 | Snake:2  | 21518 ||| INVOKING Heroism.
 21778 | Snake:2  | 21778 ||| READING scroll of enchant weapon.
 21778 | Snake:2  | 21778 ||| ENCHANTING +0 longbow.
 21792 | Snake:2  | 21792 ||| RETREATING.
 21794 | Snake:2  | 21794 ||| Stepping ~*~*~tactically~*~*~ (outnumbered).
 21799 | Snake:2  | Received a gift from Okawaru
 21801 | Snake:2  | 21801 ||| Stepping ~*~*~tactically~*~*~ (outnumbered).
 21943 | Snake:2  | Found a sparkling altar of Nemelex Xobeh.
 22191 | Snake:2  | Noticed Asterion
 22192 | Snake:2  | 22192 ||| INVOKING Heroism.
 22194 | Snake:2  | 22194 ||| INVOKING Finesse.
 22229 | Snake:2  | Killed Asterion
 22387 | Snake:3  | 22387 ||| INVOKING Heroism.
 22391 | Snake:3  | 22391 ||| STAIRDANCE
 22442 | Snake:3  | 22442 ||| INVOKING Heroism.
 22648 | Snake:3  | 22648 ||| RETREATING.
 22653 | Snake:3  | 22653 ||| Stepping ~*~*~tactically~*~*~ (retreating).
 22654 | Snake:3  | 22654 ||| Stepping ~*~*~tactically~*~*~ (retreating).
 22655 | Snake:3  | 22655 ||| Stepping ~*~*~tactically~*~*~ (retreating).
 22656 | Snake:3  | 22656 ||| Stepping ~*~*~tactically~*~*~ (retreating).
 22657 | Snake:3  | 22657 ||| Stepping ~*~*~tactically~*~*~ (retreating).
 22658 | Snake:3  | 22658 ||| Stepping ~*~*~tactically~*~*~ (retreating).
 22659 | Snake:3  | 22659 ||| Stepping ~*~*~tactically~*~*~ (retreating).
 22662 | Snake:3  | 22662 ||| Stepping ~*~*~tactically~*~*~ (retreating).
 22666 | Snake:3  | 22666 ||| Stepping ~*~*~tactically~*~*~ (retreating).
 22679 | Snake:3  | 22679 ||| INVOKING Heroism.
 22790 | Snake:3  | Received a gift from Okawaru
 22795 | Snake:3  | 22795 ||| DROPPING +2 arbalest of electrocution.
 22806 | Snake:3  | Noticed a nagaraja
 22807 | Snake:3  | 22807 ||| INVOKING Heroism.
 22816 | Snake:3  | Killed a nagaraja
 22870 | Snake:3  | Noticed Nikola
 22871 | Snake:3  | 22871 ||| INVOKING Heroism.
 22874 | Snake:3  | 22874 ||| INVOKING Finesse.
 22889 | Snake:3  | Killed Nikola
 22926 | Snake:3  | Reached XP level 17. HP: 95/115 MP: 24/24
 23015 | Snake:3  | Identified the +3 flail of Day {freeze, rC+ Int+5}
 23048 | Snake:3  | Found Iskiavve's Armour Boutique.
 23109 | Snake:3  | 23109 ||| RETREATING.
 23132 | Snake:3  | 23132 ||| Stepping ~*~*~tactically~*~*~ (outnumbered).
 23224 | Snake:3  | 23224 ||| READING scroll of enchant weapon.
 23224 | Snake:3  | 23224 ||| ENCHANTING +1 longbow.
 23228 | Snake:3  | 23228 ||| INVOKING Heroism.
 23257 | Snake:3  | Reached skill level 12 in Dodging
 23260 | Snake:3  | 23260 ||| RETREATING.
 23328 | Snake:3  | 23328 ||| Stepping ~*~*~tactically~*~*~ (outnumbered).
 23363 | Snake:3  | 23363 ||| INVOKING Heroism.
 23754 | Snake:3  | Reached skill level 9 in Armour
 23833 | Snake:3  | 23833 ||| PLANNING SWAMP:1-3
 23956 | Swamp:1  | Entered Level 1 of the Swamp
 23957 | Swamp:1  | 23957 ||| INVOKING Heroism.
 23983 | Swamp:1  | Received a gift from Okawaru
 24056 | Swamp:1  | 24056 ||| INVOKING Heroism.
 24057 | Swamp:1  | 24057 ||| INVOKING Finesse.
 24133 | Swamp:1  | 24133 ||| INVOKING Heroism.
 24135 | Swamp:1  | 24135 ||| RETREATING.
 24141 | Swamp:1  | 24141 ||| Stepping ~*~*~tactically~*~*~ (retreating).
 24142 | Swamp:1  | 24142 ||| Stepping ~*~*~tactically~*~*~ (outnumbered).
 24212 | Swamp:1  | 24212 ||| INVOKING Heroism.
 24395 | Swamp:1  | 24395 ||| INVOKING Heroism.
 24425 | Swamp:1  | Reached skill level 17 in Fighting
 24721 | Swamp:1  | 24721 ||| DROPPING +0 robe of willpower.
 24750 | Swamp:2  | 24750 ||| RETREATING.
 24751 | Swamp:2  | 24751 ||| Stepping ~*~*~tactically~*~*~ (retreating).
 24752 | Swamp:2  | 24752 ||| Stepping ~*~*~tactically~*~*~ (retreating).
 24753 | Swamp:2  | 24753 ||| Stepping ~*~*~tactically~*~*~ (retreating).
 24754 | Swamp:2  | 24754 ||| Stepping ~*~*~tactically~*~*~ (retreating).
 24771 | Swamp:2  | 24771 ||| INVOKING Heroism.
 25047 | Swamp:2  | 25047 ||| Stepping ~*~*~tactically~*~*~ (outnumbered).
 25049 | Swamp:2  | 25049 ||| Stepping ~*~*~tactically~*~*~ (outnumbered).
 25052 | Swamp:2  | 25052 ||| INVOKING Heroism.
 25094 | Swamp:2  | 25094 ||| INVOKING Heroism.
 25098 | Swamp:2  | 25098 ||| RETREATING.
 25101 | Swamp:2  | 25101 ||| Stepping ~*~*~tactically~*~*~ (retreating).
 25102 | Swamp:2  | 25102 ||| Stepping ~*~*~tactically~*~*~ (retreating).
 25103 | Swamp:2  | 25103 ||| Stepping ~*~*~tactically~*~*~ (retreating).
 25186 | Swamp:2  | 25186 ||| INVOKING Heroism.
 25187 | Swamp:2  | 25187 ||| RETREATING.
 25338 | Swamp:2  | 25338 ||| INVOKING Heroism.
 25452 | Swamp:2  | 25452 ||| INVOKING Heroism.
 25577 | Swamp:2  | 25577 ||| READING 17 scrolls of identify.
 25577 | Swamp:2  | 25577 ||| IDENTIFYING fizzy green potion
 25578 | Swamp:2  | 25578 ||| DROPPING potion of ambrosia.
 25596 | Swamp:3  | 25596 ||| INVOKING Heroism.
 25670 | Swamp:3  | 25670 ||| INVOKING Heroism.
 25770 | Swamp:3  | 25770 ||| INVOKING Heroism.
 25982 | Swamp:3  | 25982 ||| INVOKING Heroism.
 26075 | Swamp:3  | 26075 ||| PLANNING SNAKE:4
 26075 | Swamp:3  | 26075 ||| DROPPING amulet of regeneration.
 26199 | Snake:4  | Entered Level 4 of the Snake Pit
 26233 | Snake:4  | 26233 ||| Stepping ~*~*~tactically~*~*~ (retreating).
 26237 | Snake:4  | 26237 ||| Stepping ~*~*~tactically~*~*~ (outnumbered).
 26238 | Snake:4  | 26238 ||| Stepping ~*~*~tactically~*~*~ (outnumbered).
 26259 | Snake:4  | 26259 ||| RETREATING.
 26278 | Snake:4  | 26278 ||| Stepping ~*~*~tactically~*~*~ (retreating).
 26281 | Snake:4  | Received a gift from Okawaru
 26291 | Snake:4  | 26291 ||| INVOKING Heroism.
 26361 | Snake:4  | 26361 ||| Stepping ~*~*~tactically~*~*~ (outnumbered).
 26373 | Snake:4  | 26373 ||| RETREATING.
 26385 | Snake:4  | 26385 ||| Stepping ~*~*~tactically~*~*~ (retreating).
 26386 | Snake:4  | 26386 ||| Stepping ~*~*~tactically~*~*~ (retreating).
 26388 | Snake:4  | 26388 ||| Stepping ~*~*~tactically~*~*~ (retreating).
 26389 | Snake:4  | 26389 ||| Stepping ~*~*~tactically~*~*~ (retreating).
 26390 | Snake:4  | 26390 ||| Stepping ~*~*~tactically~*~*~ (retreating).
 26391 | Snake:4  | 26391 ||| Stepping ~*~*~tactically~*~*~ (retreating).
 26392 | Snake:4  | 26392 ||| Stepping ~*~*~tactically~*~*~ (retreating).
 26393 | Snake:4  | 26393 ||| Stepping ~*~*~tactically~*~*~ (retreating).
 26394 | Snake:4  | 26394 ||| Stepping ~*~*~tactically~*~*~ (retreating).
 26395 | Snake:4  | 26395 ||| Stepping ~*~*~tactically~*~*~ (outnumbered).
 26396 | Snake:4  | 26396 ||| Stepping ~*~*~tactically~*~*~ (outnumbered).
 26400 | Snake:4  | 26400 ||| Stepping ~*~*~tactically~*~*~ (outnumbered).
 26405 | Snake:4  | 26405 ||| Stepping ~*~*~tactically~*~*~ (retreating).
 26406 | Snake:4  | 26406 ||| Stepping ~*~*~tactically~*~*~ (retreating).
 26407 | Snake:4  | 26407 ||| Stepping ~*~*~tactically~*~*~ (retreating).
 26408 | Snake:4  | 26408 ||| Stepping ~*~*~tactically~*~*~ (retreating).
 26409 | Snake:4  | 26409 ||| Stepping ~*~*~tactically~*~*~ (retreating).
 26411 | Snake:4  | 26411 ||| Stepping ~*~*~tactically~*~*~ (retreating).
 26412 | Snake:4  | 26412 ||| Stepping ~*~*~tactically~*~*~ (retreating).
 26413 | Snake:4  | 26413 ||| Stepping ~*~*~tactically~*~*~ (retreating).
 26419 | Snake:4  | 26419 ||| Stepping ~*~*~tactically~*~*~ (outnumbered).
 26424 | Snake:4  | 26424 ||| Stepping ~*~*~tactically~*~*~ (outnumbered).
 26436 | Snake:4  | Reached skill level 18 in Fighting
 26441 | Snake:4  | 26441 ||| Stepping ~*~*~tactically~*~*~ (retreating).
 26442 | Snake:4  | 26442 ||| Stepping ~*~*~tactically~*~*~ (outnumbered).
 26449 | Snake:4  | 26449 ||| Stepping ~*~*~tactically~*~*~ (retreating).
 26450 | Snake:4  | 26450 ||| Stepping ~*~*~tactically~*~*~ (retreating).
 26451 | Snake:4  | 26451 ||| Stepping ~*~*~tactically~*~*~ (retreating).
 26453 | Snake:4  | 26453 ||| Stepping ~*~*~tactically~*~*~ (retreating).
 26455 | Snake:4  | 26455 ||| INVOKING Heroism.
 26461 | Snake:4  | 26461 ||| Stepping ~*~*~tactically~*~*~ (retreating).
 26462 | Snake:4  | 26462 ||| Stepping ~*~*~tactically~*~*~ (retreating).
 26463 | Snake:4  | 26463 ||| Stepping ~*~*~tactically~*~*~ (retreating).
 26466 | Snake:4  | 26466 ||| Stepping ~*~*~tactically~*~*~ (retreating).
 26468 | Snake:4  | 26468 ||| Stepping ~*~*~tactically~*~*~ (retreating).
 26593 | Snake:4  | 26593 ||| READING scroll of enchant weapon.
 26593 | Snake:4  | 26593 ||| ENCHANTING +2 longbow.
 26643 | Snake:4  | 26643 ||| RETREATING.
 26644 | Snake:4  | 26644 ||| Stepping ~*~*~tactically~*~*~ (outnumbered).
 26649 | Snake:4  | 26649 ||| INVOKING Heroism.
 26684 | Snake:4  | Reached XP level 18. HP: 125/125 MP: 25/25
 26696 | Snake:4  | Found a transporter.
 26713 | Snake:4  | Found Ippummy's Book Emporium.
 26727 | Snake:4  | Noticed qw's ghost (adept DEHu)
 26747 | Snake:4  | 26747 ||| Stepping ~*~*~tactically~*~*~ (outnumbered).
 26749 | Snake:4  | 26749 ||| RETREATING.
 26753 | Snake:4  | 26753 ||| RETREATING.
 26757 | Snake:4  | 26757 ||| RETREATING.
 26761 | Snake:4  | 26761 ||| RETREATING.
 26765 | Snake:4  | 26765 ||| RETREATING.
 26784 | Snake:4  | 26784 ||| INVOKING Heroism.
 26811 | Snake:4  | Found a snail-covered altar of Cheibriados.
 26900 | Snake:4  | 26900 ||| Stepping ~*~*~tactically~*~*~ (retreating).
 26901 | Snake:4  | 26901 ||| Stepping ~*~*~tactically~*~*~ (retreating).
 26920 | Snake:4  | 26920 ||| FLEEEEING.
 26963 | Snake:4  | 26963 ||| INVOKING Heroism.
 27037 | Snake:4  | Found a transporter.
 27043 | Snake:4  | Found Ohute's Book Shoppe.
 27072 | Snake:4  | Found a transporter.
 27073 | Snake:4  | 27073 ||| INVOKING Heroism.
 27079 | Snake:4  | Received a gift from Okawaru
 27194 | Snake:4  | 27194 ||| Stepping ~*~*~tactically~*~*~ (outnumbered).
 27196 | Snake:4  | 27196 ||| Stepping ~*~*~tactically~*~*~ (outnumbered).
 27198 | Snake:4  | 27198 ||| Stepping ~*~*~tactically~*~*~ (outnumbered).
 27200 | Snake:4  | 27200 ||| Stepping ~*~*~tactically~*~*~ (outnumbered).
 27202 | Snake:4  | 27202 ||| Stepping ~*~*~tactically~*~*~ (outnumbered).
 27204 | Snake:4  | 27204 ||| INVOKING Heroism.
 27254 | Snake:4  | Noticed Vashnia
 27266 | Snake:4  | Identified the +2 pair of gloves of Okawaru's Whim {Fly
                  | rElec rN+ Str-4} (Okawaru gifted it to you on level 4 of
                  | the Snake Pit)
 27266 | Snake:4  | Received a gift from Okawaru
 27274 | Snake:4  | Killed Vashnia
 27292 | Snake:4  | Got a serpentine rune of Zot
 27320 | Snake:4  | 27320 ||| RETREATING.
 27321 | Snake:4  | 27321 ||| INVOKING Heroism.
 27324 | Snake:4  | 27324 ||| Stepping ~*~*~tactically~*~*~ (outnumbered).
 27480 | Snake:4  | 27480 ||| Stepping ~*~*~tactically~*~*~ (outnumbered).
 27484 | Snake:4  | 27484 ||| RETREATING.
 27487 | Snake:4  | 27487 ||| Stepping ~*~*~tactically~*~*~ (outnumbered).
 27493 | Snake:4  | 27493 ||| INVOKING Heroism.
 27513 | Snake:4  | 27513 ||| Stepping ~*~*~tactically~*~*~ (outnumbered).
 27639 | Snake:4  | 27639 ||| Stepping ~*~*~tactically~*~*~ (outnumbered).
 27640 | Snake:4  | 27640 ||| Stepping ~*~*~tactically~*~*~ (outnumbered).
 27642 | Snake:4  | 27642 ||| Stepping ~*~*~tactically~*~*~ (outnumbered).
 27644 | Snake:4  | 27644 ||| INVOKING Heroism.
 27648 | Snake:4  | 27648 ||| RETREATING.
 27737 | Snake:4  | Found a transporter.
 27795 | Snake:4  | 27795 ||| PLANNING VAULTS:1-4
 27795 | Snake:4  | 27795 ||| DROPPING +2 pair of gloves of Okawaru's Whim {Fly
                  | rElec rN+ Str-4}.
 28018 | Vaults:1 | Entered Level 1 of the Vaults
 28052 | Vaults:1 | 28052 ||| FLEEEEING.
 28056 | Vaults:1 | 28056 ||| RETREATING.
 28058 | Vaults:1 | 28058 ||| Stepping ~*~*~tactically~*~*~ (retreating).
 28067 | Vaults:1 | 28067 ||| INVOKING Heroism.
 28076 | Vaults:1 | HP: 27/125 [ironbound frostheart/creeping frost (9)]
 28077 | Vaults:1 | 28077 ||| READING 10 scrolls of teleportation.
 28077 | Vaults:1 | HP: 2/125 [vault warden/+0 great mace (25)]
 28078 | Vaults:1 | 28078 ||| DRINKING 8 potions of heal wounds.
 28079 | Vaults:1 | 28079 ||| DRINKING 7 potions of heal wounds.
 28299 | Vaults:1 | 28299 ||| RETREATING.
 28319 | Vaults:1 | 28319 ||| Stepping ~*~*~tactically~*~*~ (retreating).
 28321 | Vaults:1 | 28321 ||| Stepping ~*~*~tactically~*~*~ (retreating).
 28415 | Vaults:1 | 28415 ||| RETREATING.
 28423 | Vaults:1 | 28423 ||| Stepping ~*~*~tactically~*~*~ (retreating).
 28428 | Vaults:1 | 28428 ||| Stepping ~*~*~tactically~*~*~ (retreating).
 28429 | Vaults:1 | 28429 ||| Stepping ~*~*~tactically~*~*~ (retreating).
 28430 | Vaults:1 | 28430 ||| Stepping ~*~*~tactically~*~*~ (retreating).
 28431 | Vaults:1 | 28431 ||| Stepping ~*~*~tactically~*~*~ (retreating).
 28432 | Vaults:1 | 28432 ||| Stepping ~*~*~tactically~*~*~ (retreating).
 28462 | Vaults:1 | 28462 ||| INVOKING Heroism.
 28510 | Vaults:1 | Reached skill level 19 in Fighting
 28511 | Vaults:1 | HP: 28/128 [ironbound frostheart/creeping frost (14)]
 28512 | Vaults:1 | 28512 ||| READING 9 scrolls of teleportation.
 28513 | Vaults:1 | 28513 ||| DRINKING 6 potions of heal wounds.
 28539 | Vaults:1 | 28539 ||| INVOKING Heroism.
 28797 | Vaults:1 | 28797 ||| Stepping ~*~*~tactically~*~*~ (outnumbered).
 28892 | Vaults:1 | 28892 ||| RETREATING.
 28893 | Vaults:1 | 28893 ||| Stepping ~*~*~tactically~*~*~ (outnumbered).
 28894 | Vaults:1 | 28894 ||| Stepping ~*~*~tactically~*~*~ (outnumbered).
 28905 | Vaults:1 | 28905 ||| Stepping ~*~*~tactically~*~*~ (outnumbered).
 28911 | Vaults:1 | 28911 ||| Stepping ~*~*~tactically~*~*~ (outnumbered).
 28913 | Vaults:1 | 28913 ||| Stepping ~*~*~tactically~*~*~ (outnumbered).
 28914 | Vaults:1 | 28914 ||| Stepping ~*~*~tactically~*~*~ (outnumbered).
 28915 | Vaults:1 | 28915 ||| Stepping ~*~*~tactically~*~*~ (outnumbered).
 28916 | Vaults:1 | 28916 ||| Stepping ~*~*~tactically~*~*~ (outnumbered).
 28926 | Vaults:1 | 28926 ||| Stepping ~*~*~tactically~*~*~ (retreating).
 28933 | Vaults:1 | 28933 ||| Stepping ~*~*~tactically~*~*~ (outnumbered).
 29195 | Vaults:1 | 29195 ||| READING scroll of enchant armour.
 29195 | Vaults:1 | 29195 ||| ENCHANTING +1 helmet.
 29252 | Vaults:1 | 29252 ||| Stepping ~*~*~tactically~*~*~ (outnumbered).
 29297 | Vaults:1 | 29297 ||| INVOKING Heroism.
 29452 | Vaults:1 | 29452 ||| Stepping ~*~*~tactically~*~*~ (outnumbered).
 29453 | Vaults:1 | 29453 ||| Stepping ~*~*~tactically~*~*~ (outnumbered).
 29454 | Vaults:1 | 29454 ||| Stepping ~*~*~tactically~*~*~ (outnumbered).
 29456 | Vaults:1 | 29456 ||| Stepping ~*~*~tactically~*~*~ (outnumbered).
 29458 | Vaults:1 | 29458 ||| Stepping ~*~*~tactically~*~*~ (outnumbered).
 29460 | Vaults:1 | 29460 ||| Stepping ~*~*~tactically~*~*~ (outnumbered).
 29734 | Vaults:1 | Found Emugataf's Weapon Shop.
 29790 | Vaults:1 | 29790 ||| READING scroll of enchant weapon.
 29790 | Vaults:1 | 29790 ||| ENCHANTING +3 longbow.
 29820 | Vaults:1 | 29820 ||| FLEEEEING.
 29821 | Vaults:1 | 29821 ||| FLEEEEING.
 29825 | Vaults:1 | 29825 ||| FLEEEEING.
 29826 | Vaults:1 | 29826 ||| FLEEEEING.
 29827 | Vaults:1 | 29827 ||| FLEEEEING.
 29831 | Vaults:1 | 29831 ||| FLEEEEING.
 29832 | Vaults:1 | 29832 ||| FLEEEEING.
 29833 | Vaults:1 | 29833 ||| FLEEEEING.
 29838 | Vaults:1 | 29838 ||| FLEEEEING.
 29839 | Vaults:1 | 29839 ||| FLEEEEING.
 29840 | Vaults:1 | 29840 ||| FLEEEEING.
 29845 | Vaults:1 | 29845 ||| STAIRDANCE
 30033 | D:13     | 30033 ||| READING 20 scrolls of identify.
 30033 | D:13     | 30033 ||| IDENTIFYING fizzy dark potion
 30034 | D:13     | 30034 ||| DROPPING potion of invisibility.
 30252 | Vaults:2 | Reached skill level 15 in Dodging
 30420 | Vaults:2 | 30420 ||| Stepping ~*~*~tactically~*~*~ (outnumbered).
 30421 | Vaults:2 | 30421 ||| Stepping ~*~*~tactically~*~*~ (outnumbered).
 30479 | Vaults:2 | 30479 ||| RETREATING.
 30496 | Vaults:2 | Reached XP level 19. HP: 112/133 MP: 26/26
 30501 | Vaults:2 | 30501 ||| INVOKING Heroism.
 30521 | Vaults:2 | 30521 ||| INVOKING Heroism.
 30729 | Vaults:2 | 30729 ||| Stepping ~*~*~tactically~*~*~ (outnumbered).
 30732 | Vaults:2 | Received a gift from Okawaru
 30733 | Vaults:2 | 30733 ||| Stepping ~*~*~tactically~*~*~ (outnumbered).
 30734 | Vaults:2 | 30734 ||| Stepping ~*~*~tactically~*~*~ (outnumbered).
 30738 | Vaults:2 | 30738 ||| Stepping ~*~*~tactically~*~*~ (outnumbered).
 30751 | Vaults:2 | 30751 ||| INVOKING Heroism.
 30923 | Vaults:2 | 30923 ||| SWAPPING to +2 hand cannon of freezing.
 30924 | Vaults:2 | 30924 ||| DROPPING +4 longbow.
 30930 | Vaults:2 | 30930 ||| DROPPING +2 longbow of freezing.
 30996 | Vaults:2 | 30996 ||| Stepping ~*~*~tactically~*~*~ (retreating).
 31161 | Vaults:2 | 31161 ||| INVOKING Heroism.
 31510 | Vaults:2 | Found a staircase to the Crypt.
 31554 | Vaults:2 | 31554 ||| Stepping ~*~*~tactically~*~*~ (retreating).
 31555 | Vaults:2 | 31555 ||| Stepping ~*~*~tactically~*~*~ (retreating).
 31556 | Vaults:2 | 31556 ||| Stepping ~*~*~tactically~*~*~ (retreating).
 31565 | Vaults:2 | Paralysed by a great orb of eyes for 3 turns
 31568 | Vaults:2 | 31568 ||| INVOKING Heroism.
 31593 | Vaults:2 | HP: 24/134 [vault warden/+0 bardiche (14)]
 31594 | Vaults:2 | 31594 ||| READING 8 scrolls of teleportation.
 31594 | Vaults:2 | HP: 9/134 [vault warden/+0 great sword (15)]
 31595 | Vaults:2 | 31595 ||| DRINKING 5 potions of heal wounds.
 31596 | Vaults:2 | 31596 ||| DRINKING 4 potions of heal wounds.
 31931 | Vaults:2 | Received a gift from Okawaru
 32006 | Vaults:2 | 32006 ||| Stepping ~*~*~tactically~*~*~ (retreating).
 32007 | Vaults:2 | 32007 ||| Stepping ~*~*~tactically~*~*~ (retreating).
 32009 | Vaults:2 | 32009 ||| RETREATING.
 32010 | Vaults:2 | Received a gift from Okawaru
 32023 | Vaults:2 | Reached ****** piety under Okawaru
 32028 | Vaults:2 | Reached skill level 21 in Ranged Weapons
 32232 | Vaults:2 | 32232 ||| READING scroll labelled LIEFOX YFU.
 32268 | Vaults:3 | 32268 ||| Stepping ~*~*~tactically~*~*~ (outnumbered).
 32281 | Vaults:3 | 32281 ||| Stepping ~*~*~tactically~*~*~ (outnumbered).
 32376 | Vaults:3 | 32376 ||| Stepping ~*~*~tactically~*~*~ (outnumbered).
 32477 | Vaults:3 | 32477 ||| RETREATING.
 32487 | Vaults:3 | 32487 ||| Stepping ~*~*~tactically~*~*~ (retreating).
 32488 | Vaults:3 | 32488 ||| Stepping ~*~*~tactically~*~*~ (retreating).
 32489 | Vaults:3 | 32489 ||| Stepping ~*~*~tactically~*~*~ (retreating).
 32490 | Vaults:3 | 32490 ||| STAIRDANCE
 32568 | Vaults:3 | 32568 ||| STAIRDANCE
 32640 | Vaults:3 | 32640 ||| STAIRDANCE
 32665 | Vaults:3 | 32665 ||| STAIRDANCE
 32680 | Vaults:2 | Identified the +0 pair of gloves "Inayriti" {*Slow rN+++
                  | Str+4} (Okawaru gifted it to you on level 2 of the Vaults)
 32680 | Vaults:2 | Received a gift from Okawaru
 32695 | Vaults:2 | 32695 ||| DROPPING +0 pair of gloves "Inayriti" {*Slow
                  | rN+++ Str+4}.
 32698 | Vaults:3 | 32698 ||| STAIRDANCE
 32719 | Vaults:3 | 32719 ||| STAIRDANCE
 32728 | Vaults:3 | 32728 ||| Stepping ~*~*~tactically~*~*~ (retreating).
 32791 | Vaults:3 | 32791 ||| RETREATING.
 32794 | Vaults:3 | 32794 ||| RETREATING.
 32796 | Vaults:3 | 32796 ||| Stepping ~*~*~tactically~*~*~ (retreating).
 32798 | Vaults:3 | 32798 ||| Stepping ~*~*~tactically~*~*~ (retreating).
 32799 | Vaults:3 | 32799 ||| Stepping ~*~*~tactically~*~*~ (retreating).
 32816 | Vaults:3 | 32816 ||| INVOKING Heroism.
 32956 | Vaults:3 | 32956 ||| FLEEEEING.
 32957 | Vaults:3 | 32957 ||| FLEEEEING.
 32958 | Vaults:3 | 32958 ||| FLEEEEING.
 32959 | Vaults:3 | 32959 ||| FLEEEEING.
 32960 | Vaults:3 | 32960 ||| FLEEEEING.
 32961 | Vaults:3 | 32961 ||| FLEEEEING.
 32962 | Vaults:3 | 32962 ||| FLEEEEING.
 32963 | Vaults:3 | 32963 ||| FLEEEEING.
 32964 | Vaults:3 | 32964 ||| FLEEEEING.
 32967 | Vaults:3 | 32967 ||| FLEEEEING.
 32968 | Vaults:3 | 32968 ||| FLEEEEING.
 32969 | Vaults:3 | 32969 ||| FLEEEEING.
 32970 | Vaults:3 | 32970 ||| FLEEEEING.
 32972 | Vaults:3 | 32972 ||| FLEEEEING.
 32973 | Vaults:3 | 32973 ||| FLEEEEING.
 32974 | Vaults:3 | 32974 ||| FLEEEEING.
 32975 | Vaults:3 | 32975 ||| STAIRDANCE
 33079 | Vaults:3 | 33079 ||| STAIRDANCE
 33174 | Vaults:3 | 33174 ||| RETREATING.
 33179 | Vaults:3 | 33179 ||| RETREATING.
 33180 | Vaults:3 | 33180 ||| Stepping ~*~*~tactically~*~*~ (retreating).
 33181 | Vaults:3 | 33181 ||| Stepping ~*~*~tactically~*~*~ (outnumbered).
 33186 | Vaults:3 | 33186 ||| Stepping ~*~*~tactically~*~*~ (retreating).
 33187 | Vaults:3 | 33187 ||| Stepping ~*~*~tactically~*~*~ (retreating).
 33189 | Vaults:3 | 33189 ||| Stepping ~*~*~tactically~*~*~ (retreating).
 33190 | Vaults:3 | 33190 ||| Stepping ~*~*~tactically~*~*~ (retreating).
 33191 | Vaults:3 | 33191 ||| Stepping ~*~*~tactically~*~*~ (retreating).
 33199 | Vaults:3 | 33199 ||| INVOKING Heroism.
 33201 | Vaults:3 | Reached skill level 20 in Fighting
 33213 | Vaults:3 | HP: 29/135 [enormous slime creature (67)]
 33214 | Vaults:3 | 33214 ||| READING 7 scrolls of teleportation.
 33215 | Vaults:3 | 33215 ||| DRINKING 3 potions of heal wounds.
 33217 | Vaults:3 | 33217 ||| Stepping ~*~*~tactically~*~*~ (retreating).
 33218 | Vaults:3 | 33218 ||| Stepping ~*~*~tactically~*~*~ (retreating).
 33219 | Vaults:3 | 33219 ||| Stepping ~*~*~tactically~*~*~ (retreating).
 33220 | Vaults:3 | 33220 ||| Stepping ~*~*~tactically~*~*~ (retreating).
 33221 | Vaults:3 | 33221 ||| Stepping ~*~*~tactically~*~*~ (retreating).
 33230 | Vaults:3 | HP: 27/135 [deep troll[an ironbound preserver] (8)]
 33231 | Vaults:3 | 33231 ||| READING 6 scrolls of teleportation.
 33232 | Vaults:3 | 33232 ||| DRINKING 2 potions of heal wounds.
 33234 | Vaults:3 | 33234 ||| DRINKING potion of heal wounds.
 33500 | Vaults:3 | 33500 ||| INVOKING Heroism.
 33632 | Vaults:3 | Reached XP level 20. HP: 140/140 MP: 27/27
 33666 | Vaults:3 | 33666 ||| RETREATING.
 33670 | Vaults:3 | 33670 ||| FLEEEEING.
 33671 | Vaults:3 | 33671 ||| Stepping ~*~*~tactically~*~*~ (retreating).
 33676 | Vaults:3 | 33676 ||| INVOKING Heroism.
 33865 | Vaults:3 | 33865 ||| RETREATING.
 33949 | Vaults:3 | 33949 ||| RETREATING.
 33974 | Vaults:3 | Received a gift from Okawaru
 33975 | Vaults:3 | 33975 ||| Stepping ~*~*~tactically~*~*~ (retreating).
 33977 | Vaults:3 | 33977 ||| Stepping ~*~*~tactically~*~*~ (retreating).
 33981 | Vaults:3 | 33981 ||| INVOKING Heroism.
 33983 | Vaults:3 | HP: 32/140 [orc warlord/+2 glaive of holy wrath (14)]
 33984 | Vaults:3 | 33984 ||| READING 5 scrolls of teleportation.
 33984 | Vaults:3 | HP: 11/140 [orc knight/+0 war axe (22)]
 33986 | Vaults:3 | 33986 ||| Stepping ~*~*~tactically~*~*~ (retreating).
 34103 | Vaults:3 | 34103 ||| FLEEEEING.
 34106 | Vaults:3 | 34106 ||| FLEEEEING.
 34107 | Vaults:3 | 34107 ||| FLEEEEING.
 34109 | Vaults:3 | 34109 ||| FLEEEEING.
 34119 | Vaults:3 | 34119 ||| FLEEEEING.
 34120 | Vaults:3 | 34120 ||| FLEEEEING.
 34121 | Vaults:3 | 34121 ||| FLEEEEING.
 34122 | Vaults:3 | 34122 ||| FLEEEEING.
 34123 | Vaults:3 | 34123 ||| FLEEEEING.
 34124 | Vaults:3 | 34124 ||| STAIRDANCE
 34286 | Vaults:3 | 34286 ||| STAIRDANCE
 34333 | Vaults:3 | 34333 ||| Stepping ~*~*~tactically~*~*~ (retreating).
 34334 | Vaults:3 | 34334 ||| Stepping ~*~*~tactically~*~*~ (retreating).
 34335 | Vaults:3 | 34335 ||| Stepping ~*~*~tactically~*~*~ (retreating).
 34336 | Vaults:3 | 34336 ||| Stepping ~*~*~tactically~*~*~ (retreating).
 34401 | Vaults:3 | 34401 ||| RETREATING.
 34419 | Vaults:3 | 34419 ||| Stepping ~*~*~tactically~*~*~ (retreating).
 34420 | Vaults:3 | 34420 ||| Stepping ~*~*~tactically~*~*~ (retreating).
 34421 | Vaults:3 | 34421 ||| INVOKING Heroism.
 34424 | Abyss:3  | Cast into level 3 of the Abyss (vault warden)
 34465 | Abyss:3  | 34465 ||| INVOKING Heroism.
 34583 | Abyss:3  | 34583 ||| INVOKING Heroism.
 34731 | Abyss:3  | 34731 ||| Stepping ~*~*~tactically~*~*~ (outnumbered).
 34738 | Abyss:3  | 34738 ||| INVOKING Heroism.
 34826 | Abyss:3  | 34826 ||| INVOKING Heroism.
 34847 | Abyss:3  | Received a gift from Okawaru
 34853 | Vaults:3 | Escaped the Abyss
 34854 | Vaults:3 | 34854 ||| Stepping ~*~*~tactically~*~*~ (retreating).
 34860 | Vaults:3 | HP: 35/141 [ironbound frostheart (15)]
 34861 | Vaults:3 | 34861 ||| READING 4 scrolls of teleportation.
 34862 | Vaults:3 | HP: 8/141 [ironbound frostheart/creeping frost (13)]
 34863 | Vaults:3 | 34863 ||| INVOKING Heroism.
 35194 | Vaults:3 | 35194 ||| RETREATING.
 35199 | Vaults:3 | 35199 ||| INVOKING Finesse.
 35200 | Vaults:3 | 35200 ||| Stepping ~*~*~tactically~*~*~ (outnumbered).
 35280 | Vaults:3 | 35280 ||| SWAPPING to +1 heavy triple crossbow.
 35281 | Vaults:3 | 35281 ||| DROPPING +2 hand cannon of freezing.
 35759 | Vaults:4 | 35759 ||| RETREATING.
 35855 | Vaults:4 | Found Baonlooh's Antique Weapon Boutique.
 35912 | Vaults:4 | 35912 ||| RETREATING.
 35927 | Vaults:4 | 35927 ||| Stepping ~*~*~tactically~*~*~ (retreating).
 35928 | Vaults:4 | 35928 ||| Stepping ~*~*~tactically~*~*~ (retreating).
 35930 | Vaults:4 | 35930 ||| Stepping ~*~*~tactically~*~*~ (retreating).
 35965 | Vaults:4 | Identified the +2 leather armour of Wyeptiem {Int+3}
 36075 | Vaults:4 | Found Ynyad's Weapon Shop.
 36102 | Vaults:4 | Reached skill level 21 in Fighting
 36110 | Vaults:4 | 36110 ||| RETREATING.
 36114 | Vaults:4 | 36114 ||| Stepping ~*~*~tactically~*~*~ (retreating).
 36115 | Vaults:4 | 36115 ||| Stepping ~*~*~tactically~*~*~ (retreating).
 36116 | Vaults:4 | 36116 ||| Stepping ~*~*~tactically~*~*~ (retreating).
 36117 | Vaults:4 | 36117 ||| Stepping ~*~*~tactically~*~*~ (retreating).
 36118 | Vaults:4 | 36118 ||| Stepping ~*~*~tactically~*~*~ (retreating).
 36119 | Vaults:4 | 36119 ||| Stepping ~*~*~tactically~*~*~ (retreating).
 36121 | Vaults:4 | 36121 ||| Stepping ~*~*~tactically~*~*~ (retreating).
 36122 | Vaults:4 | 36122 ||| INVOKING Heroism.
 36123 | Vaults:4 | 36123 ||| INVOKING Finesse.
 36235 | Vaults:4 | Found Quipeips's Armour Boutique.
 36244 | Vaults:4 | 36244 ||| Stepping ~*~*~tactically~*~*~ (outnumbered).
 36245 | Vaults:4 | 36245 ||| Stepping ~*~*~tactically~*~*~ (outnumbered).
 36246 | Vaults:4 | 36246 ||| Stepping ~*~*~tactically~*~*~ (outnumbered).
 36254 | Vaults:4 | 36254 ||| INVOKING Heroism.
 36287 | Vaults:4 | 36287 ||| RETREATING.
 36313 | Vaults:4 | 36313 ||| FLEEEEING.
 36314 | Vaults:4 | 36314 ||| FLEEEEING.
 36315 | Vaults:4 | 36315 ||| FLEEEEING.
 36658 | Vaults:4 | 36658 ||| RETREATING.
 36659 | Vaults:4 | Identified the +9 orcbow "Huipudgh" {antimagic, Drain rElec
                  | Dex+4} (Okawaru gifted it to you on level 4 of the Vaults)
 36659 | Vaults:4 | Received a gift from Okawaru
 36759 | Vaults:4 | Found Gukud's Weapon Emporium.
 36777 | Vaults:4 | 36777 ||| Stepping ~*~*~tactically~*~*~ (outnumbered).
 36779 | Vaults:4 | 36779 ||| Stepping ~*~*~tactically~*~*~ (outnumbered).
 37018 | Vaults:4 | Found Orphaun's Magic Scroll Boutique.
 37027 | Vaults:4 | 37027 ||| BUYING scroll of acquirement (1040 gold).
 37027 | Vaults:4 | Bought a scroll of acquirement for 1040 gold pieces
 37027 | Vaults:4 | 37027 ||| BUYING scroll of teleportation (60 gold).
 37027 | Vaults:4 | Bought a scroll of teleportation for 60 gold pieces
 37027 | Vaults:4 | 37027 ||| READING scroll of acquirement.
 37027 | Vaults:4 | 37027 ||| ACQUIRING 823 gold pieces
 37027 | Vaults:4 | Acquired 823 gold pieces
 37195 | Vaults:4 | 37195 ||| PLANNING SWAMP:4
 37195 | Vaults:4 | 37195 ||| DROPPING +2 leather armour of Wyeptiem {Int+3}.
 37481 | Swamp:4  | Entered Level 4 of the Swamp
 37485 | Swamp:4  | 37485 ||| INVOKING Heroism.
 37486 | Swamp:4  | 37486 ||| INVOKING Finesse.
 37492 | Swamp:4  | 37492 ||| RETREATING.
 37495 | Swamp:4  | 37495 ||| STAIRDANCE
 37523 | Swamp:4  | 37523 ||| STAIRDANCE
 37578 | Swamp:4  | Reached XP level 21. HP: 148/148 MP: 28/28
 37632 | Swamp:4  | Noticed Bai Suzhen
 37635 | Swamp:4  | Killed Bai Suzhen
 37670 | Swamp:4  | 37670 ||| FLEEEEING.
 37671 | Swamp:4  | 37671 ||| FLEEEEING.
 37676 | Swamp:4  | 37676 ||| FLEEEEING.
 37677 | Swamp:4  | 37677 ||| FLEEEEING.
 37679 | Swamp:4  | 37679 ||| FLEEEEING.
 37684 | Swamp:4  | 37684 ||| Stepping ~*~*~tactically~*~*~ (retreating).
 37686 | Swamp:4  | 37686 ||| Stepping ~*~*~tactically~*~*~ (retreating).
 37687 | Swamp:4  | 37687 ||| Stepping ~*~*~tactically~*~*~ (retreating).
 37688 | Swamp:4  | 37688 ||| Stepping ~*~*~tactically~*~*~ (retreating).
 37691 | Swamp:4  | 37691 ||| Stepping ~*~*~tactically~*~*~ (retreating).
 37692 | Swamp:4  | 37692 ||| Stepping ~*~*~tactically~*~*~ (retreating).
 37693 | Swamp:4  | 37693 ||| INVOKING Heroism.
 37833 | Swamp:4  | Noticed Mara
 37834 | Swamp:4  | 37834 ||| INVOKING Heroism.
 37837 | Swamp:4  | Killed Mara
 37914 | Swamp:4  | 37914 ||| RETREATING.
 37918 | Swamp:4  | 37918 ||| Stepping ~*~*~tactically~*~*~ (retreating).
 37919 | Swamp:4  | 37919 ||| Stepping ~*~*~tactically~*~*~ (retreating).
 37920 | Swamp:4  | 37920 ||| Stepping ~*~*~tactically~*~*~ (retreating).
 37921 | Swamp:4  | 37921 ||| Stepping ~*~*~tactically~*~*~ (retreating).
 37922 | Swamp:4  | 37922 ||| Stepping ~*~*~tactically~*~*~ (retreating).
 37923 | Swamp:4  | 37923 ||| Stepping ~*~*~tactically~*~*~ (retreating).
 37924 | Swamp:4  | 37924 ||| Stepping ~*~*~tactically~*~*~ (retreating).
 37925 | Swamp:4  | 37925 ||| Stepping ~*~*~tactically~*~*~ (retreating).
 38088 | Swamp:4  | 38088 ||| RETREATING.
 38090 | Swamp:4  | 38090 ||| Stepping ~*~*~tactically~*~*~ (outnumbered).
 38092 | Swamp:4  | 38092 ||| Stepping ~*~*~tactically~*~*~ (outnumbered).
 38094 | Swamp:4  | 38094 ||| RETREATING.
 38095 | Swamp:4  | 38095 ||| INVOKING Heroism.
 38096 | Swamp:4  | 38096 ||| INVOKING Finesse.
 38154 | Swamp:4  | 38154 ||| RETREATING.
 38155 | Swamp:4  | 38155 ||| Stepping ~*~*~tactically~*~*~ (retreating).
 38157 | Swamp:4  | 38157 ||| Stepping ~*~*~tactically~*~*~ (retreating).
 38158 | Swamp:4  | 38158 ||| Stepping ~*~*~tactically~*~*~ (retreating).
 38161 | Swamp:4  | Reached skill level 22 in Fighting
 38183 | Swamp:4  | Received a gift from Okawaru
 38202 | Swamp:4  | 38202 ||| RETREATING.
 38205 | Swamp:4  | 38205 ||| Stepping ~*~*~tactically~*~*~ (retreating).
 38217 | Swamp:4  | 38217 ||| INVOKING Heroism.
 38403 | Swamp:4  | Reached skill level 12 in Armour
 38410 | Swamp:4  | Got a decaying rune of Zot
 38459 | Swamp:4  | 38459 ||| INVOKING Heroism.
 38686 | Swamp:4  | 38686 ||| PLANNING DEPTHS
 39001 | Depths:1 | Entered Level 1 of the Depths
 39001 | Depths:1 | Found a gateway to Hell.
 39016 | Depths:1 | Found a one-way gateway to a ziggurat.
 39057 | Depths:1 | Received a gift from Okawaru
 39065 | Depths:1 | 39065 ||| RETREATING.
 39081 | Depths:1 | 39081 ||| Stepping ~*~*~tactically~*~*~ (retreating).
 39086 | Depths:1 | 39086 ||| RETREATING.
 39100 | Depths:1 | 39100 ||| Stepping ~*~*~tactically~*~*~ (retreating).
 39106 | Depths:1 | 39106 ||| INVOKING Heroism.
 39107 | Depths:1 | 39107 ||| INVOKING Finesse.
 39173 | Depths:1 | Received a gift from Okawaru
 39180 | Depths:1 | 39180 ||| INVOKING Finesse.
 39253 | Depths:1 | Found a hide-covered altar of Uskayaw.
 39299 | Depths:1 | 39299 ||| INVOKING Heroism.
 39350 | Depths:1 | 39350 ||| INVOKING Heroism.
 39351 | Depths:1 | 39351 ||| INVOKING Finesse.
 39392 | Depths:1 | You are sucked into a shaft and drop 1 floor!
 39392 | Depths:2 | Found a runed translucent gate.
 39392 | Depths:2 | Found a runed translucent gate.
 39392 | Depths:2 | Found a runed translucent gate.
 39393 | Depths:2 | 39393 ||| PLANNING WIZLAB
 39393 | Depths:2 | 39393 ||| Stepping ~*~*~tactically~*~*~ (outnumbered).
 39396 | Depths:2 | Reached skill level 18 in Dodging
 39404 | Depths:2 | 39404 ||| INVOKING Heroism.
 39405 | Depths:2 | 39405 ||| INVOKING Finesse.
 39412 | Depths:2 | 39412 ||| RETREATING.
 39413 | Depths:2 | 39413 ||| Stepping ~*~*~tactically~*~*~ (retreating).
 39414 | Depths:2 | 39414 ||| Stepping ~*~*~tactically~*~*~ (retreating).
 39414 | Depths:2 | Noticed Imio's ghost (adept DgCj)
 39415 | Depths:2 | 39415 ||| Stepping ~*~*~tactically~*~*~ (retreating).
 39416 | Depths:2 | 39416 ||| Stepping ~*~*~tactically~*~*~ (retreating).
 39423 | Depths:2 | 39423 ||| DRINKING potion of resistance.
 39424 | Depths:2 | 39424 ||| Stepping ~*~*~tactically~*~*~ (outnumbered).
 39425 | Depths:2 | 39425 ||| Stepping ~*~*~tactically~*~*~ (retreating).
 39629 | Depths:2 | Identified the ring "Pidi" {rPois Will+ Int-3 Slay+4}
 39763 | Depths:2 | Found an ornate altar of the Wu Jian Council.
 39774 | Depths:2 | 39774 ||| RETREATING.
 39775 | Depths:2 | 39775 ||| INVOKING Heroism.
 39778 | Depths:2 | Noticed Margery
 39779 | Depths:2 | 39779 ||| Stepping ~*~*~tactically~*~*~ (retreating).
 39780 | Depths:2 | 39780 ||| Stepping ~*~*~tactically~*~*~ (retreating).
 39781 | Depths:2 | 39781 ||| Stepping ~*~*~tactically~*~*~ (retreating).
 39782 | Depths:2 | 39782 ||| Stepping ~*~*~tactically~*~*~ (retreating).
 39783 | Depths:2 | 39783 ||| Stepping ~*~*~tactically~*~*~ (retreating).
 39784 | Depths:2 | 39784 ||| Stepping ~*~*~tactically~*~*~ (retreating).
 39785 | Depths:2 | 39785 ||| Stepping ~*~*~tactically~*~*~ (retreating).
 39786 | Depths:2 | 39786 ||| Stepping ~*~*~tactically~*~*~ (retreating).
 39792 | Depths:2 | 39792 ||| Stepping ~*~*~tactically~*~*~ (retreating).
 39801 | Depths:2 | Reached XP level 22. HP: 133/158 MP: 29/29
 39801 | Depths:2 | 39801 ||| INVOKING Finesse.
 39806 | Depths:2 | Killed Margery
 39808 | Depths:2 | 39808 ||| INVOKING Heroism.
 40002 | Depths:2 | 40002 ||| INVOKING Heroism.
 40108 | Depths:2 | 40108 ||| RIP WIZLAB
 40168 | Depths:2 | 40168 ||| PLANNING DEPTHS
 40168 | Depths:2 | 40168 ||| DROPPING amulet of guardian spirit.
 40169 | Depths:2 | 40169 ||| UPGRADING to ring "Pidi" {rPois Will+ Int-3
                  | Slay+4}.
 40277 | Depths:1 | 40277 ||| INVOKING Heroism.
 40384 | Depths:1 | Found a runed translucent door.
 40399 | Depths:1 | Noticed qw's ghost (adept GrHu)
 40577 | Depths:1 | Identified the +4 chain mail "Caxzy" {Rampage Drain Dex+3}
 40585 | Depths:1 | Identified the +3 scale mail of Zugec {rPois rF++ Dex+5}
 40605 | Depths:1 | Identified the +0 ring mail of Indemnity {Contam rElec
                  | Will- Int+9}
 40649 | Depths:1 | Identified the +11 arbalest of a treasure trove {heavy,
                  | Str+3 Dex-4 SInv}
 40748 | Depths:1 | Found Betubloi's Armour Shoppe.
 40781 | Depths:1 | 40781 ||| READING scroll of acquirement.
 40781 | Depths:1 | 40781 ||| ACQUIRING 776 gold pieces
 40781 | Depths:1 | Acquired 776 gold pieces
 40923 | Depths:1 | 40923 ||| DROPPING +0 ring mail of Indemnity {Contam rElec
                  | Will- Int+9}.
 40983 | Depths:2 | Reached skill level 23 in Fighting
 40985 | Depths:2 | Found a one-way gate leading to the halls of Pandemonium.
 41132 | Depths:2 | 41132 ||| Stepping ~*~*~tactically~*~*~ (retreating).
 41136 | Depths:2 | 41136 ||| Stepping ~*~*~tactically~*~*~ (retreating).
 41137 | Depths:2 | 41137 ||| Stepping ~*~*~tactically~*~*~ (retreating).
 41339 | Depths:3 | 41339 ||| STAIRDANCE
 41341 | Depths:2 | 41341 ||| Stepping ~*~*~tactically~*~*~ (retreating).
 41342 | Depths:2 | 41342 ||| Stepping ~*~*~tactically~*~*~ (retreating).
 41343 | Depths:2 | 41343 ||| Stepping ~*~*~tactically~*~*~ (retreating).
 41344 | Depths:2 | 41344 ||| Stepping ~*~*~tactically~*~*~ (retreating).
 41443 | Depths:3 | 41443 ||| STAIRDANCE
 41446 | Depths:2 | 41446 ||| INVOKING Heroism.
 41763 | Depths:3 | 41763 ||| RETREATING.
 41764 | Depths:3 | 41764 ||| Stepping ~*~*~tactically~*~*~ (retreating).
 41766 | Depths:3 | 41766 ||| Stepping ~*~*~tactically~*~*~ (retreating).
 41885 | Depths:3 | 41885 ||| RETREATING.
 41888 | Depths:3 | 41888 ||| FLEEEEING.
 41898 | Depths:3 | Received a gift from Okawaru
 41916 | Depths:3 | 41916 ||| Stepping ~*~*~tactically~*~*~ (retreating).
 41917 | Depths:3 | 41917 ||| Stepping ~*~*~tactically~*~*~ (retreating).
 41918 | Depths:3 | 41918 ||| Stepping ~*~*~tactically~*~*~ (retreating).
 41919 | Depths:3 | 41919 ||| Stepping ~*~*~tactically~*~*~ (retreating).
 41920 | Depths:3 | 41920 ||| Stepping ~*~*~tactically~*~*~ (retreating).
 41921 | Depths:3 | 41921 ||| Stepping ~*~*~tactically~*~*~ (retreating).
 41922 | Depths:3 | 41922 ||| Stepping ~*~*~tactically~*~*~ (retreating).
 41923 | Depths:3 | 41923 ||| INVOKING Heroism.
 41933 | Depths:3 | HP: 37/160 [purple ugly thing (13)]
 41934 | Depths:3 | 41934 ||| READING 4 scrolls of teleportation.
 41937 | Depths:3 | 41937 ||| READING 3 scrolls of teleportation.
 41938 | Depths:3 | 41938 ||| RETREATING.
 41946 | Depths:3 | 41946 ||| FLEEEEING.
 42240 | Depths:3 | Found a one-way gate to the infinite horrors of the Abyss.
 42243 | Depths:3 | 42243 ||| INVOKING Heroism.
 42244 | Depths:3 | 42244 ||| INVOKING Finesse.
 42331 | Depths:3 | 42331 ||| Stepping ~*~*~tactically~*~*~ (retreating).
 42332 | Depths:3 | 42332 ||| Stepping ~*~*~tactically~*~*~ (retreating).
 42333 | Depths:3 | 42333 ||| Stepping ~*~*~tactically~*~*~ (retreating).
 42334 | Depths:3 | 42334 ||| Stepping ~*~*~tactically~*~*~ (retreating).
 42335 | Depths:3 | 42335 ||| Stepping ~*~*~tactically~*~*~ (retreating).
 42336 | Depths:3 | 42336 ||| Stepping ~*~*~tactically~*~*~ (retreating).
 42337 | Depths:3 | 42337 ||| Stepping ~*~*~tactically~*~*~ (retreating).
 42338 | Depths:3 | 42338 ||| RETREATING.
 42340 | Depths:3 | 42340 ||| INVOKING Heroism.
 42491 | Depths:3 | Identified the +1 leather armour of Focus {SInv}
 42492 | Depths:3 | 42492 ||| INVOKING Heroism.
 42556 | Depths:3 | 42556 ||| RETREATING.
 42558 | Depths:3 | 42558 ||| Stepping ~*~*~tactically~*~*~ (retreating).
 42559 | Depths:3 | 42559 ||| Stepping ~*~*~tactically~*~*~ (retreating).
 42567 | Depths:3 | 42567 ||| INVOKING Heroism.
 42845 | Depths:3 | 42845 ||| Stepping ~*~*~tactically~*~*~ (retreating).
 42846 | Depths:3 | 42846 ||| Stepping ~*~*~tactically~*~*~ (retreating).
 42909 | Depths:3 | Noticed a juggernaut
 42910 | Depths:3 | 42910 ||| INVOKING Heroism.
 42912 | Depths:3 | 42912 ||| INVOKING Finesse.
 42917 | Depths:3 | Killed a juggernaut
 43062 | Depths:3 | Found a hide-covered altar of Uskayaw.
 43282 | Depths:3 | 43282 ||| UPGRADING to +1 leather armour of Focus {SInv}.
 43334 | Depths:4 | Entered Level 4 of the Depths
 43339 | Depths:4 | Found a white marble altar of Elyvilon.
 43357 | Depths:4 | Identified the ring of Optidaiwy {Ice Fly Slay+2}
 43357 | Depths:4 | Noticed Josephina
 43358 | Depths:4 | 43358 ||| RETREATING.
 43359 | Depths:4 | 43359 ||| INVOKING Heroism.
 43364 | Depths:4 | Killed Josephina
 43564 | Depths:4 | 43564 ||| Stepping ~*~*~tactically~*~*~ (outnumbered).
 43566 | Depths:4 | 43566 ||| Stepping ~*~*~tactically~*~*~ (outnumbered).
 43574 | Depths:4 | 43574 ||| INVOKING Heroism.
 43575 | Depths:4 | 43575 ||| RETREATING.
 43580 | Depths:4 | 43580 ||| INVOKING Finesse.
 43613 | Depths:4 | 43613 ||| INVOKING Heroism.
 43811 | Depths:4 | Identified the +2 pair of gloves of the Manifold Priests
                  | {rElec Str+4 Int-4}
 43847 | Depths:4 | 43847 ||| INVOKING Heroism.
 43893 | Depths:4 | Reached skill level 24 in Fighting
 43916 | Depths:4 | 43916 ||| Stepping ~*~*~tactically~*~*~ (outnumbered).
 43932 | Depths:4 | 43932 ||| INVOKING Heroism.
 43944 | Depths:4 | 43944 ||| Stepping ~*~*~tactically~*~*~ (outnumbered).
 43947 | Depths:4 | Reached XP level 23. HP: 167/167 MP: 30/30
 43990 | Depths:4 | 43990 ||| INVOKING Heroism.
 44078 | Depths:4 | Identified the scarf of the Heavens {+Inv, Dex+7} (Okawaru
                  | gifted it to you on level 4 of the Depths)
 44078 | Depths:4 | Received a gift from Okawaru
 44080 | Depths:4 | 44080 ||| INVOKING Heroism.
 44081 | Depths:4 | 44081 ||| INVOKING Finesse.
 44123 | Depths:4 | 44123 ||| READING scroll of enchant weapon.
 44123 | Depths:4 | 44123 ||| ENCHANTING +1 heavy triple crossbow.
 44211 | Depths:4 | 44211 ||| Stepping ~*~*~tactically~*~*~ (outnumbered).
 44229 | Depths:4 | Noticed a golden dragon
 44229 | Depths:4 | 44229 ||| INVOKING Heroism.
 44231 | Depths:4 | 44231 ||| Stepping ~*~*~tactically~*~*~ (retreating).
 44232 | Depths:4 | 44232 ||| Stepping ~*~*~tactically~*~*~ (retreating).
 44233 | Depths:4 | 44233 ||| Stepping ~*~*~tactically~*~*~ (retreating).
 44234 | Depths:4 | 44234 ||| Stepping ~*~*~tactically~*~*~ (retreating).
 44235 | Depths:4 | 44235 ||| Stepping ~*~*~tactically~*~*~ (retreating).
 44236 | Depths:4 | 44236 ||| Stepping ~*~*~tactically~*~*~ (retreating).
 44238 | Depths:4 | 44238 ||| Stepping ~*~*~tactically~*~*~ (retreating).
 44240 | Depths:4 | 44240 ||| Stepping ~*~*~tactically~*~*~ (retreating).
 44241 | Depths:4 | 44241 ||| Stepping ~*~*~tactically~*~*~ (retreating).
 44242 | Depths:4 | 44242 ||| Stepping ~*~*~tactically~*~*~ (retreating).
 44246 | Depths:4 | Killed a golden dragon
 44254 | Depths:4 | Noticed a golden dragon
 44255 | Depths:4 | Killed a golden dragon
 44311 | Depths:4 | Reached skill level 25 in Fighting
 44325 | Depths:4 | 44325 ||| Stepping ~*~*~tactically~*~*~ (outnumbered).
 44341 | Depths:4 | 44341 ||| Stepping ~*~*~tactically~*~*~ (outnumbered).
 44347 | Depths:4 | 44347 ||| Stepping ~*~*~tactically~*~*~ (retreating).
 44348 | Depths:4 | 44348 ||| Stepping ~*~*~tactically~*~*~ (retreating).
 44349 | Depths:4 | 44349 ||| Stepping ~*~*~tactically~*~*~ (retreating).
 44350 | Depths:4 | 44350 ||| Stepping ~*~*~tactically~*~*~ (retreating).
 44351 | Depths:4 | 44351 ||| Stepping ~*~*~tactically~*~*~ (retreating).
 44352 | Depths:4 | 44352 ||| Stepping ~*~*~tactically~*~*~ (retreating).
 44492 | Depths:4 | Found a gate to the Realm of Zot.
 44520 | Depths:4 | 44520 ||| RETREATING.
 44536 | Depths:4 | 44536 ||| INVOKING Heroism.
 44734 | Depths:4 | 44734 ||| RETREATING.
 44772 | Depths:4 | Noticed a golden dragon
 44773 | Depths:4 | 44773 ||| INVOKING Heroism.
 44775 | Depths:4 | Killed a golden dragon
 44824 | Depths:4 | 44824 ||| INVOKING Heroism.
 44857 | Depths:4 | 44857 ||| PLANNING VAULTS:5
 44857 | Depths:4 | 44857 ||| DROPPING +2 leather armour of fire resistance.
 44858 | Depths:4 | 44858 ||| DROPPING +1 robe of resistance.
 44859 | Depths:4 | 44859 ||| UPGRADING to +2 pair of gloves of the Manifold
                  | Priests {rElec Str+4 Int-4}.
 44869 | Depths:4 | 44869 ||| DROPPING +2 pair of gloves.
 45132 | Vaults:5 | Entered Level 5 of the Vaults
 45132 | Vaults:5 | Noticed a golden dragon
 45133 | Vaults:5 | 45133 ||| STAIRDANCE
 45140 | Vaults:5 | 45140 ||| STAIRDANCE
 45143 | Vaults:4 | 45143 ||| Stepping ~*~*~tactically~*~*~ (retreating).
 45144 | Vaults:4 | 45144 ||| Stepping ~*~*~tactically~*~*~ (retreating).
 45145 | Vaults:4 | 45145 ||| Stepping ~*~*~tactically~*~*~ (retreating).
 45146 | Vaults:4 | 45146 ||| Stepping ~*~*~tactically~*~*~ (retreating).
 45147 | Vaults:4 | 45147 ||| Stepping ~*~*~tactically~*~*~ (retreating).
 45148 | Vaults:4 | 45148 ||| Stepping ~*~*~tactically~*~*~ (retreating).
 45149 | Vaults:4 | 45149 ||| Stepping ~*~*~tactically~*~*~ (retreating).
 45150 | Vaults:4 | 45150 ||| Stepping ~*~*~tactically~*~*~ (retreating).
 45157 | Vaults:4 | 45157 ||| INVOKING Heroism.
 45327 | Vaults:5 | 45327 ||| STAIRDANCE
 45330 | Vaults:4 | 45330 ||| INVOKING Heroism.
 45334 | Vaults:4 | 45334 ||| Stepping ~*~*~tactically~*~*~ (retreating).
 45335 | Vaults:4 | 45335 ||| Stepping ~*~*~tactically~*~*~ (retreating).
 45336 | Vaults:4 | 45336 ||| Stepping ~*~*~tactically~*~*~ (retreating).
 45337 | Vaults:4 | 45337 ||| Stepping ~*~*~tactically~*~*~ (retreating).
 45338 | Vaults:4 | 45338 ||| Stepping ~*~*~tactically~*~*~ (retreating).
 45339 | Vaults:4 | 45339 ||| Stepping ~*~*~tactically~*~*~ (retreating).
 45340 | Vaults:4 | 45340 ||| Stepping ~*~*~tactically~*~*~ (retreating).
 45341 | Vaults:4 | 45341 ||| Stepping ~*~*~tactically~*~*~ (retreating).
 45556 | Vaults:5 | 45556 ||| STAIRDANCE
 45558 | Vaults:4 | 45558 ||| Stepping ~*~*~tactically~*~*~ (retreating).
 45559 | Vaults:4 | 45559 ||| Stepping ~*~*~tactically~*~*~ (retreating).
 45560 | Vaults:4 | 45560 ||| Stepping ~*~*~tactically~*~*~ (retreating).
 45561 | Vaults:4 | 45561 ||| Stepping ~*~*~tactically~*~*~ (retreating).
 45562 | Vaults:4 | 45562 ||| Stepping ~*~*~tactically~*~*~ (retreating).
 45563 | Vaults:4 | 45563 ||| Stepping ~*~*~tactically~*~*~ (retreating).
 45564 | Vaults:4 | 45564 ||| Stepping ~*~*~tactically~*~*~ (retreating).
 45565 | Vaults:4 | 45565 ||| Stepping ~*~*~tactically~*~*~ (retreating).
 45695 | Vaults:5 | 45695 ||| STAIRDANCE
 45697 | Vaults:4 | 45697 ||| Stepping ~*~*~tactically~*~*~ (retreating).
 45698 | Vaults:4 | 45698 ||| Stepping ~*~*~tactically~*~*~ (retreating).
 45699 | Vaults:4 | 45699 ||| Stepping ~*~*~tactically~*~*~ (retreating).
 45700 | Vaults:4 | 45700 ||| Stepping ~*~*~tactically~*~*~ (retreating).
 45701 | Vaults:4 | 45701 ||| Stepping ~*~*~tactically~*~*~ (retreating).
 45702 | Vaults:4 | 45702 ||| Stepping ~*~*~tactically~*~*~ (retreating).
 45703 | Vaults:4 | 45703 ||| Stepping ~*~*~tactically~*~*~ (retreating).
 45704 | Vaults:4 | 45704 ||| Stepping ~*~*~tactically~*~*~ (retreating).
 45705 | Vaults:4 | 45705 ||| INVOKING Heroism.
 45706 | Vaults:4 | 45706 ||| INVOKING Finesse.
 45840 | Vaults:5 | Gained mutation: You do not regenerate when monsters are
                  | visible. [a shining eye]
 45841 | Vaults:5 | 45841 ||| STAIRDANCE
 45843 | Vaults:4 | 45843 ||| Stepping ~*~*~tactically~*~*~ (retreating).
 45844 | Vaults:4 | 45844 ||| Stepping ~*~*~tactically~*~*~ (retreating).
 45845 | Vaults:4 | 45845 ||| INVOKING Heroism.
 46121 | Vaults:4 | 46121 ||| DRINKING 3 potions of mutation.
 46121 | Vaults:4 | Lost mutation: You do not regenerate when monsters are
                  | visible. [potion of mutation]
 46121 | Vaults:4 | Gained mutation: You occasionally lose the ability to drink
                  | potions when taking damage. [potion of mutation]
 46121 | Vaults:4 | Gained mutation: You have supernaturally acute eyesight.
                  | (SInv) [potion of mutation]
 46121 | Vaults:4 | Gained mutation: You are covered in fur. (AC +1) [potion of
                  | mutation]
 46122 | Vaults:4 | 46122 ||| DRINKING 2 potions of mutation.
 46122 | Vaults:4 | Lost mutation: You are covered in fur. (AC +1) [potion of
                  | mutation]
 46122 | Vaults:4 | Lost mutation: You occasionally lose the ability to drink
                  | potions when taking damage. [potion of mutation]
 46122 | Vaults:4 | Gained mutation: You have hidden genetic potential. [potion
                  | of mutation]
 46123 | Vaults:4 | 46123 ||| UPGRADING to +0 troll leather armour.
 46133 | Vaults:4 | 46133 ||| DROPPING +1 leather armour of Focus {SInv}.
 46134 | Vaults:4 | 46134 ||| UPGRADING to +2 leather armour of cold
                  | resistance.
 46148 | Vaults:5 | 46148 ||| STAIRDANCE
 46150 | Vaults:4 | 46150 ||| Stepping ~*~*~tactically~*~*~ (retreating).
 46151 | Vaults:4 | 46151 ||| Stepping ~*~*~tactically~*~*~ (retreating).
 46152 | Vaults:4 | 46152 ||| Stepping ~*~*~tactically~*~*~ (retreating).
 46153 | Vaults:4 | 46153 ||| Stepping ~*~*~tactically~*~*~ (retreating).
 46154 | Vaults:4 | 46154 ||| Stepping ~*~*~tactically~*~*~ (retreating).
 46155 | Vaults:4 | 46155 ||| INVOKING Heroism.
 46281 | Vaults:5 | 46281 ||| RETREATING.
 46281 | Vaults:5 | Paralysed by a sphinx for 2 turns
 46283 | Vaults:5 | 46283 ||| Stepping ~*~*~tactically~*~*~ (retreating).
 46284 | Vaults:5 | 46284 ||| Stepping ~*~*~tactically~*~*~ (retreating).
 46285 | Vaults:5 | 46285 ||| Stepping ~*~*~tactically~*~*~ (retreating).
 46286 | Vaults:5 | 46286 ||| Stepping ~*~*~tactically~*~*~ (retreating).
 46287 | Vaults:5 | 46287 ||| Stepping ~*~*~tactically~*~*~ (retreating).
 46288 | Vaults:5 | 46288 ||| INVOKING Heroism.
 46293 | Vaults:5 | Noticed a dread lich
 46293 | Vaults:5 | HP: 32/170 [deep troll earth mage/blast of metal fragments
                  | (14)]
 46294 | Vaults:5 | 46294 ||| READING 2 scrolls of teleportation.
 46295 | Vaults:5 | HP: 9/170 [vault guard/+0 glaive of venom (8)]
 46375 | Vaults:5 | 46375 ||| INVOKING Heroism.
 46418 | Vaults:5 | 46418 ||| INVOKING Heroism.
 46513 | Vaults:5 | 46513 ||| INVOKING Heroism.
 46670 | Vaults:5 | 46670 ||| Stepping ~*~*~tactically~*~*~ (outnumbered).
 46671 | Vaults:5 | 46671 ||| INVOKING Heroism.
 46675 | Vaults:5 | 46675 ||| Stepping ~*~*~tactically~*~*~ (outnumbered).
 46684 | Vaults:5 | 46684 ||| INVOKING Heroism.
 46688 | Vaults:5 | Identified the +1 scale mail of Pirocec {rF+ Slay+2}
 46695 | Vaults:5 | 46695 ||| INVOKING Heroism.
 46697 | Vaults:5 | Killed a dread lich
 46697 | Vaults:5 | Blown up by a lich

Levels and vault maps discovered:
D:1:      minmay_arrival_stair_chambers, layout_loops_cross, serial_shops, shop
D:2:      layout_loops_corners
D:3:      layout_basic, mainiacjoe_overflow_alcove_4, serial_shops, shop,
          chequers_serial_rivers_marsh
D:4:      layout_gridville, chequers_garden, guppyfry_early_orc_mine,
          uniq_edmund
D:5:      layout_loops_cross, overflow_temple_1_default, minmay_fountain_box,
          kennysheep_diamond
D:6:      black_bear_nest_1, layout_gridville, minmay_temple_entry_proselytizer,
          kennysheep_generic_room_13
D:7:      layout_loops_ring, kennysheep_little_box, uniq_pikel, uniq_duvessa,
          uniq_crazy_yiuf_cottage
D:8:      gammafunk_corrupted_shrine, layout_rooms,
          nicolae_qazlal_general_emergency, uniq_joseph, uniq_jeremiah
D:9:      layout_long_grid, david_orc_5, serial_shops, nicolae_shop_hallway_plus
D:10:     layout_big_octagon, enter_bailey_2, serial_shops, shop, uniq_fannar,
          uniq_nergalle, uniq_lodul
D:11:     layout_irregular_city, minmay_lair_entry_grove, serial_shops, shop,
          guppyfry_shop_venom
D:12:     layout_layer_cave, hellmonk_guarded_unrand_dark_maul
D:13:     wad_woods_structure_01, layout_irregular_city, ebering_ghost_gozag,
          serial_shops, shop, minmay_door_square
D:14:     layout_basic, chequers_serial_rivers_micro_e,
          portal_ice_cave_entry_ice_simulacra
D:15:     gammafunk_enter_depths_forms, layout_grid_maze, serial_bayou_ford_a
Temple:   mainiacjoe_temple_coin_purse
Lair:1:   dreamdust_cave_troll, layout_chaotic_city, serial_bayou_pond_a,
          nicolae_quartered_pool_impasse, beast_lair_carwin_1, uniq_urug
Lair:2:   layout_cave_pods, gammafunk_ghost_grave, kennysheep_rathole,
          uniq_amaemon
Lair:3:   layout_regular_city, palyth_hydra_swamp_entry,
          guppyfry_snake_entry_garden
Lair:4:   layout_regular_city, st_stairs_12, grunt_megastairs_5,
          infiniplex_staircase_pool_2
Lair:5:   guppyfry_lair_end_dragon, layout_regular_city,
          hangedman_lair_in_review, slime_entry_1
Swamp:1:  layout_basic_swamp, serial_swamp_ruin, evilmike_swamp_ruin_house_1,
          evilmike_swamp_ruin_house_5
Swamp:2:  layout_basic_swamp, hangedman_swamp_blocks, swamp_pool2,
          nicolae_swamp_small_spring
Swamp:3:  layout_basic_swamp, nicolae_swamp_tree_isthmus
Swamp:4:  nzn_swamp_witches_coven, layout_basic_swamp, uniq_mara,
          uniq_bai_suzhen
Snake:1:  layout_rooms, nicolae_triple_integral
Snake:2:  layout_rooms, basic_altar, serial_bayou_shore_a, uniq_asterion
Snake:3:  layout_cave_shapes, nicolae_stop_n_shop_2, grunt_ministairs_4,
          uniq_nikola
Snake:4:  johnstein_snake_rune_scales, layout_misc_corridors, serial_shops,
          nicolae_shop_gibbet_a_chance, nicolae_shop_drivethru,
          gammafunk_ghost_arena, basic_altar
Orc:1:    layout_caves, basic_altar, serial_shops, nicolae_shop_statue_plus,
          uniq_maurice
Orc:2:    grunt_orc_community_town_hall, layout_caves,
          grunt_orc_community_big_house_2, grunt_orc_community_big_house_2,
          grunt_orc_community_house_2, grunt_orc_community_house_1,
          grunt_orc_community_house_1, grunt_orc_community_house_1
Vaults:1: v_alt_pattern_4, nicolae_vaults_wrenched, hangedman_vaults_slice,
          nicolae_vaults_shrinking_rooms_2, nicolae_vaults_prndl,
          nicolae_vaults_surprise_closet,
          nicolae_vaults_taking_the_gang_shopping, nicolae_vaults_tetromino_Z_1,
          nicolae_vaults_tetromino_Z_2, v_pattern_1, layout_vaults_omnibox,
          uniq_saint_roka
Vaults:2: nicolae_vaults_hexular_roomagon, v_misc_18,
          minmay_crypt_entry_simple_box, vaults_mumra_bighexcomb,
          nicolae_vaults_tetromino_T_2, hangedman_vaults_locks, v_rooms_6,
          v_misc_9, vaults_mumra_minichess, nicolae_vaults_border_crossing,
          nicolae_vaults_tetromino_T_1, layout_vaults_omnicross
Vaults:3: vaults_mumra_lcd, nicolae_vaults_ring_of_whatevers,
          hangedman_vaults_hat, vaults_room_stairs_pillars,
          nicolae_vaults_little_squares_5, nicolae_vaults_little_squares_5,
          nicolae_vaults_little_squares_5, hangedman_vaults_stream,
          nicolae_vaults_little_squares_4, v_rooms_4, nicolae_vaults_two_Ls,
          nicolae_vaults_ninety_degrees, st_more_cells, nicolae_vaults_six-pack,
          nicolae_vaults_more_shelving_1, layout_vaults_maze_snakey
Vaults:4: nicolae_vaults_trapezoid_lopsided_2, v_misc_11, v_misc_23, v_misc_14,
          nicolae_vaults_variable_pillar_hall, v_misc_30, hangedman_vaults_trim,
          v_alt_pattern_1, ontoclasm_vaults_ring_small,
          nicolae_vaults_closet_pinwheel_1, layout_vaults_big_room,
          serial_shops, nicolae_shop_behind_doors,
          nicolae_shop_getting_attention, shop,
          nicolae_shop_tiny_real_fake_doors, shop
Vaults:5
Depths:1: minmay_cut_squares, layout_cave_shapes, enter_ziggurat_e,
          muffindrake_ghost_dead_mans_drink, hell_entry, nicolae_two_hexagons,
          serial_shops, nicolae_shop_back_alley_shop, nicolae_uskayaw_suspiria
Depths:2: minmay_firetagon, layout_cave_pools, nicolae_wu_jian_wuxing_cycle,
          gammafunk_ghost_split, grunt_metal_band, grunt_pan_entry_spiral,
          mu_enter_wizlab_5
Depths:3: cheibrodos_hall_of_evolution, layout_cave_pools, abyss_entry,
          lemuel_coloured_pillars_altar, hell_entry, columned_hall_lemuel,
          infiniplex_staircase_spiral, serial_bayou_shore_b
Depths:4: lemuel_castle_with_subvaults [lemuel_castle_interior_carwin_3],
          layout_gridlike, kennysheep_flooded_box, abyss_entry,
          hangedman_geh_valley, elyvilon_altar_4, kennysheep_random_hallway,
          uniq_josephina

Skill      XL: |  1  2  3  4  5  6  7  8  9 10 11 12 13 14 15 16 17 18 19 20 21 22 23 |
---------------+----------------------------------------------------------------------+-----
Ranged Weapons | 5 6 7 8 9 11 12 14 15 17 18 19 20 22 | 22.0
Armour         | 1 3 4 5 6 8 9 10 11 12 13 14 | 14.0
Fighting       | 3 4 6 7 8 10 11 13 15 16 18 19 20 21 22 24 25 | 25.4
Dodging        | 3 4 5 6 7 9 11 13 15 16 18 19 20 | 20.0
Invocations    | 4 6 10 | 10.1
Stealth        | |  1.1

Action                     |  1- 3 |  4- 6 |  7- 9 | 10-12 | 13-15 | 16-18 | 19-21 | 22-24 || total
---------------------------+-------+-------+-------+-------+-------+-------+-------+-------++-------
   Fire: Shortbow          |    76 |   160 |       |       |       |       |       |       ||   236
         Orcbow            |       |     7 |   375 |   496 |       |       |       |       ||   878
         Arbalest          |       |       |       |   225 |  1092 |   284 |       |       ||  1601
         Longbow           |       |       |       |       |       |  1570 |    75 |       ||  1645
         Hand cannon       |       |       |       |       |       |       |   740 |       ||   740
         Triple crossbow   |       |       |       |       |       |       |   423 |   605 ||  1028
 Invoke: Heroism           |       |       |     4 |    26 |    24 |    45 |    29 |    33 ||   161
         Finesse           |       |       |       |       |     4 |     4 |     8 |     6 ||    22
    Use: Scroll            |     3 |     5 |     3 |    13 |     7 |    11 |     7 |     5 ||    54
         Potion            |       |     2 |     2 |     1 |     2 |     6 |     6 |     2 ||    21
 Armour: Leather armour    |    30 |     2 |       |   102 |   327 |   349 |   483 |   365 ||  1658
         Ring mail         |       |    55 |    33 |       |       |       |       |       ||    88
         Robe              |       |       |    48 |    18 |       |       |       |       ||    66
  Dodge: Dodged            |    16 |    43 |   119 |   302 |   682 |  1088 |  1826 |  1000 ||  5076

Table legend:
 A = Non-vault XP
 B = Vault XP
 C = Vault XP percentage of total XP
 D = Non-vault monster count
 E = Vault monster count
 F = Vault count percentage of total count
                 A         B        C        D         E       F
            +---------+---------+-------+---------+---------+-------
      Total |  447509 |  380406 |  45.9 |    1061 |     608 |  36.4
            +---------+---------+-------+---------+---------+-------
        D:1 |      32 |       0 |   0.0 |      18 |       0 |   0.0
        D:2 |      64 |       0 |   0.0 |      16 |       0 |   0.0
        D:3 |     177 |       3 |   1.7 |      25 |       1 |   3.8
        D:4 |     332 |     383 |  53.6 |      12 |       7 |  36.8
        D:5 |     349 |     144 |  29.2 |      17 |       3 |  15.0
        D:6 |     656 |     162 |  19.8 |      13 |       2 |  13.3
        D:7 |    1811 |     872 |  32.5 |      39 |       3 |   7.1
        D:8 |    2209 |     842 |  27.6 |      27 |       2 |   6.9
        D:9 |    3381 |     574 |  14.5 |      23 |      23 |  50.0
       D:10 |    1197 |    3203 |  72.8 |       8 |      10 |  55.6
       D:11 |    3518 |    2097 |  37.3 |       9 |      15 |  62.5
       D:12 |    5007 |    2038 |  28.9 |      15 |       5 |  25.0
       D:13 |    5701 |    4968 |  46.6 |      18 |      10 |  35.7
       D:14 |    9790 |    1697 |  14.8 |      20 |       8 |  28.6
       D:15 |    7297 |    5683 |  43.8 |      16 |      10 |  38.5
     Lair:1 |    7569 |    2676 |  26.1 |      33 |      10 |  23.3
     Lair:2 |    6740 |    1432 |  17.5 |      24 |      15 |  38.5
     Lair:3 |    5895 |    3432 |  36.8 |      23 |      11 |  32.4
     Lair:4 |    8987 |    1501 |  14.3 |      36 |       5 |  12.2
     Lair:5 |   14021 |   14511 |  50.9 |      49 |      33 |  40.2
    Swamp:1 |   13997 |       0 |   0.0 |      28 |       0 |   0.0
    Swamp:2 |   12502 |       0 |   0.0 |      29 |       0 |   0.0
    Swamp:3 |    8634 |       0 |   0.0 |      20 |       0 |   0.0
    Swamp:4 |   16185 |   37480 |  69.8 |      25 |      42 |  62.7
    Snake:1 |    9784 |       0 |   0.0 |      17 |       0 |   0.0
    Snake:2 |   13452 |    1674 |  11.1 |      26 |       1 |   3.7
    Snake:3 |   19399 |    3976 |  17.0 |      30 |       3 |   9.1
    Snake:4 |   21282 |   23728 |  52.7 |      51 |      38 |  42.7
      Orc:1 |    1708 |     457 |  21.1 |      26 |       1 |   3.7
      Orc:2 |    4275 |    7019 |  62.1 |      31 |      67 |  68.4
   Vaults:1 |   28004 |   10324 |  26.9 |      45 |      15 |  25.0
   Vaults:2 |   15576 |   44293 |  74.0 |      23 |      53 |  69.7
   Vaults:3 |   36112 |   29414 |  44.9 |      55 |      37 |  40.2
   Vaults:4 |   23444 |   43852 |  65.2 |      38 |      55 |  59.1
   Vaults:5 |    2897 |   22063 |  88.4 |       6 |      18 |  75.0
   Depths:1 |   26089 |    6815 |  20.7 |      27 |       6 |  18.2
   Depths:2 |   26484 |   17189 |  39.4 |      31 |      20 |  39.2
   Depths:3 |   42491 |   14092 |  24.9 |      51 |      15 |  22.7
   Depths:4 |   22661 |   71812 |  76.0 |      22 |      64 |  74.4
    Abyss:3 |   17800 |       0 |   0.0 |      39 |       0 |   0.0
            +---------+---------+-------+---------+---------+-------
